Workbook
Name AnnualCIchange: '(H) OptionLists'!$H$5:$H$8
Name Capacity__DCFC: '[1](A) Capacity and Use'!$B$5:$B$8
Name Capacity__DCFC: '(A) Capacity and Use'!$C$5:$C$8
Name Capacity__Level2: '[1](A) Capacity and Use'!$A$5:$A$8
Name Capacity__Level2: '(A) Capacity and Use'!$B$5:$B$8
Name DailyUse__DCFC: '[1](A) Capacity and Use'!$D$5:$D$8
Name DailyUse__DCFC: '(A) Capacity and Use'!$E$5:$E$8
Name DailyUse__Level2: '[1](A) Capacity and Use'!$C$5:$C$8
Name DailyUse__Level2: '(A) Capacity and Use'!$D$5:$D$8
Name EDU_CI_Lookup: '(H) OptionLists'!$F$5:$G$15
Name GridCIMulti: '[1](H) OptionLists'!$B$6:$B$9
Name GridCIMulti: '(H) OptionLists'!$C$5:$C$15
Name GridCISingle: '[1](H) OptionLists'!$A$6:$A$8
Name GridCISingle: '(H) OptionLists'!$B$5:$B$14
Name Inflation: '[1](G) Inflation'!$A$5:$A$9
Name Inflation: '(G) Inflation'!$B$5:$B$9
Name NoInflation: '[1](G) Inflation'!$A$22
Name NoInflation: '(G) Inflation'!$B$20
Name NoManualChange: '(H) OptionLists'!$H$9
Name PricesMulti: '[1](H) OptionLists'!$E$6:$E$9
Name PricesMulti: '(H) OptionLists'!$E$5:$E$8
Name PricesSingle: '[1](H) OptionLists'!$D$6:$D$8
Name PricesSingle: '(H) OptionLists'!$D$5:$D$7
Name SingleYear: '(B) CI Standard'!$B$21
Name StateGridAvg_2026: '(C) StatewideGridAvg'!$D$25
Name Years: '[1](B) CI Standard'!$A$5:$A$19
Name Years: '(B) CI Standard'!$B$5:$B$19

Sheet Start here
A1: CTFP EV Charger Credit Revenue Calculator
A3: General notes
B5: 1. All calculation values and assumptions come from the Clean Transportation Fuel Program rule under 20.2.92 NMAC, associated analyses, and external data sources where indicated.
B6: 2. The only sheet with values to populate is the Calculator tab. All other sheets contain input and parameter values and are for observation only.
B7: 3. In this sheet and the Calculator sheet, superscript numbers refer to notes on each page. Superscript letters refer to rows referencing data from input assumption sheets (A)-(H).
A9: Calculator directions
B11: 1. In Column B of the Calculator sheet, select operating inputs in the brown cells.
B12: 2. Depending upon your selections in Column B, you may see orange cells in Column C or Column I where manual input is required. If so, please populate those cells!
A14: Calculator input notes
A16: Charger details - Rows 11-15 of Calculator sheetA,1
B17: 1. Row 11 (Charger type): Select whether the charger(s) are Direct Current Fast Chargers (Level-3, DCFC) or Level-2 chargers.
C18: a. You can only select one of the two charger types. If you are using both charger types, you must do separate calculations for each.
B19: 2. Row 12 (Vehicle type): Select whether the charger(s) are used for Light-medium-duty (14,000 pounds or less) or Mediaum-heavy-duty (above 14,000 pounds) vehicles.
B20: 3. Row 13 (Number of chargers): Indicate the number of charging units that meet the criteria outlined in Rows 11 and 12 (whole numbers only).
B21: 4. Row 14 Capacity per charger (kilowatts): Enter the capacity (in kilowatts) of the charger. This is the amount of electricity (in kilowatt hours) that the charger could dispensed if used continuously for one hour.
C22: a. Make sure in populating this row to account for any discrepencies between the charger's nameplate capacity and the amount of power it actually dispenses into a motor vehicle over this period of time.
B23: 5. Row 15 Average daily use (hours/day/charger): Enter the average time each day that a charger is used over the course of a year.
C24: a. In this calculation, consider that there are days in a typical year that the charger may be used more, less, or not at all.
A26: 2026 Grid/EDU carbon intensity - Row 16 of Calculator sheetC,D,H
A27: Note: Options 1-3 require an entry into Row 16 to determine grid electricity carbon intensity (CI) changes for years after 2026.
B28: 1. The The "EDU-based estimate" determines the 2026 grid electricity CI for an EDU based upon its 2026 EDU-specific CI value from NMED. See the '(D) EDU CI Values' sheet for a reference list.
B29: 2. The "Statewide" option calculates the 2026 grid electricity CI as a weighted average of EDU carbon intensities and the number of registered on-road EVs in each from Atlas Public Policy, EvaluateNM (Kumar, 2026).
B30: 3. If you select "Manual (single CI)," enter your desired 2026 CI for grid electricity in Cell C16.
B31: 4. If you select "Manual (Different annual CIs)" in Cell B16, you must manually enter the CI for each year in Column K based upon custom projections.
C32: a. Unlike Options 1-3, Option 4 does not require an entry into Row 17 to determine grid electricity CI chages for years after 2026.
A34: Annual carbon intensity change - Row 17 of Calculator sheetE,H
A35: Note: This selection is only available if one of Options 1-3 is selected in Row 16. Selecting Option 4 in Row 16 will require the user to enter each year's CI in Column K based upon custom projections, rendering this row (Row 17) obsolete.
B36: 1. The "Statewide change" option in Cell B17 uses projected changed in statewide grid CI from the Benefits-Cost Analysis and Rebuttal Sensitivity Analysis that account for the Energy Transition Act.
B37: 2. The "Zero-carbon by 2040" option in Cell B17 adjusts CI based upon a linear path culminating in a grid carbon intensity of zero by 2040, when power comes from zero-carbon sources like Geothermal, Hydro, Wind, and Solar.
B38: 3. The "Manual percentage" option in Cell B17 allows the user to manually enter a percentage change applied linearly for all years after 2026.
C39: a. If selecting this option, specify that the percentage is negative for a CI that goes down over time.
B40: 4. The "Flat" option in Cell B17 assumes a CI that is unchanging over time.
A42: Output results year(s) - Row 19 of Calculator sheet
B43: If you would like results for multiple years until 2040, select "All years" in Cell B19. If you would like results for a single year, select "Single year" in Cell B19 and specify that year in Cell C19.
A45: Credit price scenarios - Row 20 of Calculator sheetF,H
B46: 1. The "Benefit-Cost Analysis" option in Cell B20 refers to price projections that assume the continuation of state and federal EV-supporting policies in New Mexico through 2040.
C47: a. More information on each scenario is available in the '(F) CreditPrice_Nom' sheet.
C48: b. In this scenario, unlike in the "Rebuttal Sensitivity Analysis" scenario, credit prices fall to zero by 2036 due to credit supply that exceeds compliance obligations.
B49: 3. If you select "Manual (single price)" for CTFP credit prices in Cell B20, you will need to enter your desired credit price in Cell C20.
B50: 4. If you select "Manual (different annual prices) for CTFP credit prices in Cell B20, you will need to enter the credit price for each year in Column L.
A52: Dollar type - Row 21 of Calculator sheet
B53: 1. Select "Nominal" in Cell B21 to use nominal dollars for credit prices and revenue that are not adjusted for inflation.
B54: 2. Select "Real (input dollar year in Column C)" to have credit prices and revenue that are adjusted by an inflation indicator specified in Row 22 to a specific year.
C55: a. Selecting this option will require you to enter the desired year that all earnings are adjusted to in real terms in Cell C20 (from 2026 to "2040 and subsequent years)".
A57: Inflation index - Row 22 of Calculator sheetG
A58: Note: This selection is only available if "Real (input dollar year in Column C)" is selected in Row 21. There will be no need for an inflation adjustment if the "nominal" option is selected in that row.
B59: If applicable, select a desired inflation index in Cell B22. For more information on each, refer to the '(G) Inflation' sheet.
A64: Version: EV_Charging_Credit_Revenue_Calculator_v1 | C64: Version: Final draft for QA/QC review | Release date: May 2026 | Owner: NMED Clean Transportation Fuel Program

Sheet Calculator
A1: Calculator sheet - For user input and results
A2: As desired, select inputs from brown cells in Column B. Populate any orange cells in Column C, K, and L. Observe revenue results in Column J.
A4: Color legend: | E4: Results
A5: Input optional | E5: Year | F5: Fuel use | G5: Fuel CI | H5: Credits | I5: Credit price | J5: Revenue
A6: Input required | F6: (MWh) | G6: (gCO2e/MJ)2 | H6: (MT CO2e)4,5 | I6: ($/MT CO2e)4 | J6: ($US) | K6: =IF(B16="Manual (Different annual CIs)","Annual CIs","") | L6: =IF(B20="Manual (Different annual prices)","Annual prices","")
A7: Category or result - do not edit | E7: {=IF(B$19="All Years",INDEX(Years,ROW()-6),IF(C19="","Populate cell C18",C19))} -> 2026 | F7: =IF(AND($B$14="Manual",$C$14=""),"Populate Cell C14",IF(AND($B$15="Manual",$C$15=""),"Populate Cell C15",IF($B$14="Manual",$C$14,$B$14)/1000*IF($B$15="Manual",$C$15,$B$15)*IFERROR((DATE(E7+1,1,1)-DATE(E7,1,1)),366)*$B$13)) -> 41.0625 | G7: =IF(E7="","",IF(AND($B$16='(H) OptionLists'!$C$14,$C$16=""),"Populate Cell C16",IF($B$16='(H) OptionLists'!$C$5,IF(AND(B$17='(H) OptionLists'!$H$7,C$17=""),"Populate Cell C17",ROUND(StateGridAvg_2026*(IF(B$17='(H) OptionLists'!$H$5,VLOOKUP(E7,'(E) StatewideChange'!$B$5:$C$19,2,FALSE)/VLOOKUP(2026,'(E) StatewideChange'!$B$5:$C$19,2,FALSE),IF(B$17='(H) OptionLists'!$H$8,1,IF(B$17='(H) OptionLists'!$H$6,VLOOKUP(2026,'(E) StatewideChange'!$B$5:$C$19,2,FALSE)/VLOOKUP(E7,'(E) StatewideChange'!$B$5:$C$19,2,FALSE)*(2040-VALUE(LEFT(E7,4)))/(2040-2026),IF(B$17='(H) OptionLists'!$H$7,(1+C$17)^(VALUE(LEFT(E7,4))-2026),1))))),2)),IF($B$16='(H) OptionLists'!$C$14,IF(AND(B$17='(H) OptionLists'!$H$7,C$17=""),"Populate Cell C17",ROUND($C$16*(IF(B$17='(H) OptionLists'!$H$5,VLOOKUP(E7,'(E) StatewideChange'!$B$5:$C$19,2,FALSE)/VLOOKUP(2026,'(E) StatewideChange'!$B$5:$C$19,2,FALSE),IF(B$17='(H) OptionLists'!$H$8,1,IF(B$17='(H) OptionLists'!$H$6,(2040-VALUE(LEFT(E7,4)))/(2040-2026),IF(B$17='(H) OptionLists'!$H$7,(1+C$17)^(VALUE(LEFT(E7,4))-2026),1))))),2)),IF(B$16='(H) OptionLists'!$C$15,IF(K7="","Populate Column K",ROUND(K7,2)),IF(AND(B$17='(H) OptionLists'!$H$7,C$17=""),"Populate Cell C17",IFERROR(ROUND(VLOOKUP($B$16,EDU_CI_Lookup,2,FALSE)*(IF(B$17='(H) OptionLists'!$H$5,VLOOKUP(E7,'(E) StatewideChange'!$B$5:$C$19,2,FALSE)/VLOOKUP(2026,'(E) StatewideChange'!$B$5:$C$19,2,FALSE),IF(B$17='(H) OptionLists'!$H$8,1,IF(B$17='(H) OptionLists'!$H$6,(2040-VALUE(LEFT(E7,4)))/(2040-2026),IF(B$17='(H) OptionLists'!$H$7,(1+C$17)^(VALUE(LEFT(E7,4))-2026),1))))),2),"Select valid EDU option"))))))) -> 117.5 | H7: =IF(LEFT(F7,3)="Pop",F7,IF(LEFT(G7,3)="Pop",G7,IFERROR(IF(E7="","",ROUND((IF($B$12="Light-medium-duty (14k pounds or less)",3.4,5)*VLOOKUP(E7,'(B) CI Standard'!$B$5:$D$19,IF($B$12="Light-medium-duty (14k pounds or less)",2,3),FALSE)-G7)*3.6/1000*F7,0)),""))) -> 30 | I7: {=IF(E7="","",_xlfn.IFNA(IF(B$20='(H) OptionLists'!$E$7,IF(C$20="","Populate Cell C20",ROUND(C$20*IF($B$21="Nominal",1,INDEX('(G) Inflation'!$C$12:$N$16,MATCH($B$22,'(G) Inflation'!$B$12:$B$16,0),MATCH($C$21,'(F) Credit Price_nom'!$C$5:$Q$5,0))/INDEX('(G) Inflation'!$C$12:$N$16,MATCH($B$22,'(G) Inflation'!$B$12:$B$16,0),MATCH($E$7,'(F) Credit Price_nom'!$C$5:$Q$5,0))),2)),IF(B$20='(H) OptionLists'!$E$8,IF(L7="","Populate Column L",L7),ROUND(INDEX('(F) Credit Price_nom'!$C$6:$Q$7,MATCH($B$20,'(F) Credit Price_nom'!$B$6:$B$7,0),MATCH(E7,'(F) Credit Price_nom'!$C$5:$Q$5,0))*IF($B$21="Nominal",1,INDEX('(G) Inflation'!$C$12:$R$16,MATCH($B$22,'(G) Inflation'!$B$12:$B$16,0),MATCH(E7,'(G) Inflation'!$C$11:$R$11,0))/INDEX('(G) Inflation'!$C$12:$R$16,MATCH($B$22,'(G) Inflation'!$B$12:$B$16,0),MATCH(E7,'(G) Inflation'!$C$11:$R$11,0))),2))),IF(AND($B$19="single year",$C$19=""),"Populate Cell C19",IF(AND($B$21="Real (input dollar year in Column C)",$C$21=""),"Populate Cell C21","Check Cells C18:C21"))))} -> 91.27 | J7: =IF(LEFT(H7,3)="Pop",H7,IF(LEFT(I7,3)="Pop",I7,H7*I7)) -> 2738.1
E8: {=IF(B$19="All Years",INDEX(Years,ROW()-6),"")} -> 2027 | F8: =IF(AND($B$14="Manual",$C$14=""),"Populate Cell C14",IF(AND($B$15="Manual",$C$15=""),"Populate Cell C15",IF($B$14="Manual",$C$14,$B$14)/1000*IF($B$15="Manual",$C$15,$B$15)*IFERROR((DATE(E8+1,1,1)-DATE(E8,1,1)),366)*$B$13)) -> 41.0625 | G8: =IF(E8="","",IF(AND($B$16='(H) OptionLists'!$C$14,$C$16=""),"Populate Cell C16",IF($B$16='(H) OptionLists'!$C$5,IF(AND(B$17='(H) OptionLists'!$H$7,C$17=""),"Populate Cell C17",ROUND(StateGridAvg_2026*(IF(B$17='(H) OptionLists'!$H$5,VLOOKUP(E8,'(E) StatewideChange'!$B$5:$C$19,2,FALSE)/VLOOKUP(2026,'(E) StatewideChange'!$B$5:$C$19,2,FALSE),IF(B$17='(H) OptionLists'!$H$8,1,IF(B$17='(H) OptionLists'!$H$6,VLOOKUP(2026,'(E) StatewideChange'!$B$5:$C$19,2,FALSE)/VLOOKUP(E8,'(E) StatewideChange'!$B$5:$C$19,2,FALSE)*(2040-VALUE(LEFT(E8,4)))/(2040-2026),IF(B$17='(H) OptionLists'!$H$7,(1+C$17)^(VALUE(LEFT(E8,4))-2026),1))))),2)),IF($B$16='(H) OptionLists'!$C$14,IF(AND(B$17='(H) OptionLists'!$H$7,C$17=""),"Populate Cell C17",ROUND($C$16*(IF(B$17='(H) OptionLists'!$H$5,VLOOKUP(E8,'(E) StatewideChange'!$B$5:$C$19,2,FALSE)/VLOOKUP(2026,'(E) StatewideChange'!$B$5:$C$19,2,FALSE),IF(B$17='(H) OptionLists'!$H$8,1,IF(B$17='(H) OptionLists'!$H$6,(2040-VALUE(LEFT(E8,4)))/(2040-2026),IF(B$17='(H) OptionLists'!$H$7,(1+C$17)^(VALUE(LEFT(E8,4))-2026),1))))),2)),IF(B$16='(H) OptionLists'!$C$15,IF(K8="","Populate Column K",ROUND(K8,2)),IF(AND(B$17='(H) OptionLists'!$H$7,C$17=""),"Populate Cell C17",IFERROR(ROUND(VLOOKUP($B$16,EDU_CI_Lookup,2,FALSE)*(IF(B$17='(H) OptionLists'!$H$5,VLOOKUP(E8,'(E) StatewideChange'!$B$5:$C$19,2,FALSE)/VLOOKUP(2026,'(E) StatewideChange'!$B$5:$C$19,2,FALSE),IF(B$17='(H) OptionLists'!$H$8,1,IF(B$17='(H) OptionLists'!$H$6,(2040-VALUE(LEFT(E8,4)))/(2040-2026),IF(B$17='(H) OptionLists'!$H$7,(1+C$17)^(VALUE(LEFT(E8,4))-2026),1))))),2),"Select valid EDU option"))))))) -> 115.48 | H8: =IF(LEFT(F8,3)="Pop",F8,IF(LEFT(G8,3)="Pop",G8,IFERROR(IF(E8="","",ROUND((IF($B$12="Light-medium-duty (14k pounds or less)",3.4,5)*VLOOKUP(E8,'(B) CI Standard'!$B$5:$D$19,IF($B$12="Light-medium-duty (14k pounds or less)",2,3),FALSE)-G8)*3.6/1000*F8,0)),""))) -> 29 | I8: =IF(E8="","",_xlfn.IFNA(IF(B$20='(H) OptionLists'!$E$7,IF(C$20="","Populate Cell C20",ROUND(C$20*IF($B$21="Nominal",1,INDEX('(G) Inflation'!$C$12:$N$16,MATCH($B$22,'(G) Inflation'!$B$12:$B$16,0),MATCH($C$21,'(F) Credit Price_nom'!$C$5:$Q$5,0))/INDEX('(G) Inflation'!$C$12:$N$16,MATCH($B$22,'(G) Inflation'!$B$12:$B$16,0),MATCH($E$7,'(F) Credit Price_nom'!$C$5:$Q$5,0))),2)),IF(B$20='(H) OptionLists'!$E$8,IF(L8="","Populate Column L",L8),ROUND(INDEX('(F) Credit Price_nom'!$C$6:$Q$7,MATCH($B$20,'(F) Credit Price_nom'!$B$6:$B$7,0),MATCH(E8,'(F) Credit Price_nom'!$C$5:$Q$5,0))*IF($B$21="Nominal",1,INDEX('(G) Inflation'!$C$12:$N$16,MATCH($B$22,'(G) Inflation'!$B$12:$B$16,0),MATCH($C$21,'(F) Credit Price_nom'!$C$5:$Q$5,0))/INDEX('(G) Inflation'!$C$12:$N$16,MATCH($B$22,'(G) Inflation'!$B$12:$B$16,0),MATCH($E$7,'(F) Credit Price_nom'!$C$5:$Q$5,0))),2))),IF(AND($B$19="single year",$C$19=""),"Populate Cell C19",IF(AND($B$21="Real (input dollar year in Column C)",$C$21=""),"Populate Cell C21","Check Cells C18:C21")))) -> 69.12 | J8: =IF(LEFT(H8,3)="Pop",H8,IF(LEFT(I8,3)="Pop",I8,H8*I8)) -> 2004.48
A9: Inputs | E9: {=IF(B$19="All Years",INDEX(Years,ROW()-6),"")} -> 2028 | F9: =IF(AND($B$14="Manual",$C$14=""),"Populate Cell C14",IF(AND($B$15="Manual",$C$15=""),"Populate Cell C15",IF($B$14="Manual",$C$14,$B$14)/1000*IF($B$15="Manual",$C$15,$B$15)*IFERROR((DATE(E9+1,1,1)-DATE(E9,1,1)),366)*$B$13)) -> 41.175 | G9: =IF(E9="","",IF(AND($B$16='(H) OptionLists'!$C$14,$C$16=""),"Populate Cell C16",IF($B$16='(H) OptionLists'!$C$5,IF(AND(B$17='(H) OptionLists'!$H$7,C$17=""),"Populate Cell C17",ROUND(StateGridAvg_2026*(IF(B$17='(H) OptionLists'!$H$5,VLOOKUP(E9,'(E) StatewideChange'!$B$5:$C$19,2,FALSE)/VLOOKUP(2026,'(E) StatewideChange'!$B$5:$C$19,2,FALSE),IF(B$17='(H) OptionLists'!$H$8,1,IF(B$17='(H) OptionLists'!$H$6,VLOOKUP(2026,'(E) StatewideChange'!$B$5:$C$19,2,FALSE)/VLOOKUP(E9,'(E) StatewideChange'!$B$5:$C$19,2,FALSE)*(2040-VALUE(LEFT(E9,4)))/(2040-2026),IF(B$17='(H) OptionLists'!$H$7,(1+C$17)^(VALUE(LEFT(E9,4))-2026),1))))),2)),IF($B$16='(H) OptionLists'!$C$14,IF(AND(B$17='(H) OptionLists'!$H$7,C$17=""),"Populate Cell C17",ROUND($C$16*(IF(B$17='(H) OptionLists'!$H$5,VLOOKUP(E9,'(E) StatewideChange'!$B$5:$C$19,2,FALSE)/VLOOKUP(2026,'(E) StatewideChange'!$B$5:$C$19,2,FALSE),IF(B$17='(H) OptionLists'!$H$8,1,IF(B$17='(H) OptionLists'!$H$6,(2040-VALUE(LEFT(E9,4)))/(2040-2026),IF(B$17='(H) OptionLists'!$H$7,(1+C$17)^(VALUE(LEFT(E9,4))-2026),1))))),2)),IF(B$16='(H) OptionLists'!$C$15,IF(K9="","Populate Column K",ROUND(K9,2)),IF(AND(B$17='(H) OptionLists'!$H$7,C$17=""),"Populate Cell C17",IFERROR(ROUND(VLOOKUP($B$16,EDU_CI_Lookup,2,FALSE)*(IF(B$17='(H) OptionLists'!$H$5,VLOOKUP(E9,'(E) StatewideChange'!$B$5:$C$19,2,FALSE)/VLOOKUP(2026,'(E) StatewideChange'!$B$5:$C$19,2,FALSE),IF(B$17='(H) OptionLists'!$H$8,1,IF(B$17='(H) OptionLists'!$H$6,(2040-VALUE(LEFT(E9,4)))/(2040-2026),IF(B$17='(H) OptionLists'!$H$7,(1+C$17)^(VALUE(LEFT(E9,4))-2026),1))))),2),"Select valid EDU option"))))))) -> 114.01 | H9: =IF(LEFT(F9,3)="Pop",F9,IF(LEFT(G9,3)="Pop",G9,IFERROR(IF(E9="","",ROUND((IF($B$12="Light-medium-duty (14k pounds or less)",3.4,5)*VLOOKUP(E9,'(B) CI Standard'!$B$5:$D$19,IF($B$12="Light-medium-duty (14k pounds or less)",2,3),FALSE)-G9)*3.6/1000*F9,0)),""))) -> 28 | I9: =IF(E9="","",_xlfn.IFNA(IF(B$20='(H) OptionLists'!$E$7,IF(C$20="","Populate Cell C20",ROUND(C$20*IF($B$21="Nominal",1,INDEX('(G) Inflation'!$C$12:$N$16,MATCH($B$22,'(G) Inflation'!$B$12:$B$16,0),MATCH($C$21,'(F) Credit Price_nom'!$C$5:$Q$5,0))/INDEX('(G) Inflation'!$C$12:$N$16,MATCH($B$22,'(G) Inflation'!$B$12:$B$16,0),MATCH($E$7,'(F) Credit Price_nom'!$C$5:$Q$5,0))),2)),IF(B$20='(H) OptionLists'!$E$8,IF(L9="","Populate Column L",L9),ROUND(INDEX('(F) Credit Price_nom'!$C$6:$Q$7,MATCH($B$20,'(F) Credit Price_nom'!$B$6:$B$7,0),MATCH(E9,'(F) Credit Price_nom'!$C$5:$Q$5,0))*IF($B$21="Nominal",1,INDEX('(G) Inflation'!$C$12:$N$16,MATCH($B$22,'(G) Inflation'!$B$12:$B$16,0),MATCH($C$21,'(F) Credit Price_nom'!$C$5:$Q$5,0))/INDEX('(G) Inflation'!$C$12:$N$16,MATCH($B$22,'(G) Inflation'!$B$12:$B$16,0),MATCH($E$7,'(F) Credit Price_nom'!$C$5:$Q$5,0))),2))),IF(AND($B$19="single year",$C$19=""),"Populate Cell C19",IF(AND($B$21="Real (input dollar year in Column C)",$C$21=""),"Populate Cell C21","Check Cells C18:C21")))) -> 65.31 | J9: =IF(LEFT(H9,3)="Pop",H9,IF(LEFT(I9,3)="Pop",I9,H9*I9)) -> 1828.68
A10: Operating info | C10: Input value if orange | E10: {=IF(B$19="All Years",INDEX(Years,ROW()-6),"")} -> 2029 | F10: =IF(AND($B$14="Manual",$C$14=""),"Populate Cell C14",IF(AND($B$15="Manual",$C$15=""),"Populate Cell C15",IF($B$14="Manual",$C$14,$B$14)/1000*IF($B$15="Manual",$C$15,$B$15)*IFERROR((DATE(E10+1,1,1)-DATE(E10,1,1)),366)*$B$13)) -> 41.0625 | G10: =IF(E10="","",IF(AND($B$16='(H) OptionLists'!$C$14,$C$16=""),"Populate Cell C16",IF($B$16='(H) OptionLists'!$C$5,IF(AND(B$17='(H) OptionLists'!$H$7,C$17=""),"Populate Cell C17",ROUND(StateGridAvg_2026*(IF(B$17='(H) OptionLists'!$H$5,VLOOKUP(E10,'(E) StatewideChange'!$B$5:$C$19,2,FALSE)/VLOOKUP(2026,'(E) StatewideChange'!$B$5:$C$19,2,FALSE),IF(B$17='(H) OptionLists'!$H$8,1,IF(B$17='(H) OptionLists'!$H$6,VLOOKUP(2026,'(E) StatewideChange'!$B$5:$C$19,2,FALSE)/VLOOKUP(E10,'(E) StatewideChange'!$B$5:$C$19,2,FALSE)*(2040-VALUE(LEFT(E10,4)))/(2040-2026),IF(B$17='(H) OptionLists'!$H$7,(1+C$17)^(VALUE(LEFT(E10,4))-2026),1))))),2)),IF($B$16='(H) OptionLists'!$C$14,IF(AND(B$17='(H) OptionLists'!$H$7,C$17=""),"Populate Cell C17",ROUND($C$16*(IF(B$17='(H) OptionLists'!$H$5,VLOOKUP(E10,'(E) StatewideChange'!$B$5:$C$19,2,FALSE)/VLOOKUP(2026,'(E) StatewideChange'!$B$5:$C$19,2,FALSE),IF(B$17='(H) OptionLists'!$H$8,1,IF(B$17='(H) OptionLists'!$H$6,(2040-VALUE(LEFT(E10,4)))/(2040-2026),IF(B$17='(H) OptionLists'!$H$7,(1+C$17)^(VALUE(LEFT(E10,4))-2026),1))))),2)),IF(B$16='(H) OptionLists'!$C$15,IF(K10="","Populate Column K",ROUND(K10,2)),IF(AND(B$17='(H) OptionLists'!$H$7,C$17=""),"Populate Cell C17",IFERROR(ROUND(VLOOKUP($B$16,EDU_CI_Lookup,2,FALSE)*(IF(B$17='(H) OptionLists'!$H$5,VLOOKUP(E10,'(E) StatewideChange'!$B$5:$C$19,2,FALSE)/VLOOKUP(2026,'(E) StatewideChange'!$B$5:$C$19,2,FALSE),IF(B$17='(H) OptionLists'!$H$8,1,IF(B$17='(H) OptionLists'!$H$6,(2040-VALUE(LEFT(E10,4)))/(2040-2026),IF(B$17='(H) OptionLists'!$H$7,(1+C$17)^(VALUE(LEFT(E10,4))-2026),1))))),2),"Select valid EDU option"))))))) -> 111.03 | H10: =IF(LEFT(F10,3)="Pop",F10,IF(LEFT(G10,3)="Pop",G10,IFERROR(IF(E10="","",ROUND((IF($B$12="Light-medium-duty (14k pounds or less)",3.4,5)*VLOOKUP(E10,'(B) CI Standard'!$B$5:$D$19,IF($B$12="Light-medium-duty (14k pounds or less)",2,3),FALSE)-G10)*3.6/1000*F10,0)),""))) -> 26 | I10: =IF(E10="","",_xlfn.IFNA(IF(B$20='(H) OptionLists'!$E$7,IF(C$20="","Populate Cell C20",ROUND(C$20*IF($B$21="Nominal",1,INDEX('(G) Inflation'!$C$12:$N$16,MATCH($B$22,'(G) Inflation'!$B$12:$B$16,0),MATCH($C$21,'(F) Credit Price_nom'!$C$5:$Q$5,0))/INDEX('(G) Inflation'!$C$12:$N$16,MATCH($B$22,'(G) Inflation'!$B$12:$B$16,0),MATCH($E$7,'(F) Credit Price_nom'!$C$5:$Q$5,0))),2)),IF(B$20='(H) OptionLists'!$E$8,IF(L10="","Populate Column L",L10),ROUND(INDEX('(F) Credit Price_nom'!$C$6:$Q$7,MATCH($B$20,'(F) Credit Price_nom'!$B$6:$B$7,0),MATCH(E10,'(F) Credit Price_nom'!$C$5:$Q$5,0))*IF($B$21="Nominal",1,INDEX('(G) Inflation'!$C$12:$N$16,MATCH($B$22,'(G) Inflation'!$B$12:$B$16,0),MATCH($C$21,'(F) Credit Price_nom'!$C$5:$Q$5,0))/INDEX('(G) Inflation'!$C$12:$N$16,MATCH($B$22,'(G) Inflation'!$B$12:$B$16,0),MATCH($E$7,'(F) Credit Price_nom'!$C$5:$Q$5,0))),2))),IF(AND($B$19="single year",$C$19=""),"Populate Cell C19",IF(AND($B$21="Real (input dollar year in Column C)",$C$21=""),"Populate Cell C21","Check Cells C18:C21")))) -> 47.92 | J10: =IF(LEFT(H10,3)="Pop",H10,IF(LEFT(I10,3)="Pop",I10,H10*I10)) -> 1245.92
A11: Charger type | B11: Direct Current Fast Charger | E11: {=IF(B$19="All Years",INDEX(Years,ROW()-6),"")} -> 2030 | F11: =IF(AND($B$14="Manual",$C$14=""),"Populate Cell C14",IF(AND($B$15="Manual",$C$15=""),"Populate Cell C15",IF($B$14="Manual",$C$14,$B$14)/1000*IF($B$15="Manual",$C$15,$B$15)*IFERROR((DATE(E11+1,1,1)-DATE(E11,1,1)),366)*$B$13)) -> 41.0625 | G11: =IF(E11="","",IF(AND($B$16='(H) OptionLists'!$C$14,$C$16=""),"Populate Cell C16",IF($B$16='(H) OptionLists'!$C$5,IF(AND(B$17='(H) OptionLists'!$H$7,C$17=""),"Populate Cell C17",ROUND(StateGridAvg_2026*(IF(B$17='(H) OptionLists'!$H$5,VLOOKUP(E11,'(E) StatewideChange'!$B$5:$C$19,2,FALSE)/VLOOKUP(2026,'(E) StatewideChange'!$B$5:$C$19,2,FALSE),IF(B$17='(H) OptionLists'!$H$8,1,IF(B$17='(H) OptionLists'!$H$6,VLOOKUP(2026,'(E) StatewideChange'!$B$5:$C$19,2,FALSE)/VLOOKUP(E11,'(E) StatewideChange'!$B$5:$C$19,2,FALSE)*(2040-VALUE(LEFT(E11,4)))/(2040-2026),IF(B$17='(H) OptionLists'!$H$7,(1+C$17)^(VALUE(LEFT(E11,4))-2026),1))))),2)),IF($B$16='(H) OptionLists'!$C$14,IF(AND(B$17='(H) OptionLists'!$H$7,C$17=""),"Populate Cell C17",ROUND($C$16*(IF(B$17='(H) OptionLists'!$H$5,VLOOKUP(E11,'(E) StatewideChange'!$B$5:$C$19,2,FALSE)/VLOOKUP(2026,'(E) StatewideChange'!$B$5:$C$19,2,FALSE),IF(B$17='(H) OptionLists'!$H$8,1,IF(B$17='(H) OptionLists'!$H$6,(2040-VALUE(LEFT(E11,4)))/(2040-2026),IF(B$17='(H) OptionLists'!$H$7,(1+C$17)^(VALUE(LEFT(E11,4))-2026),1))))),2)),IF(B$16='(H) OptionLists'!$C$15,IF(K11="","Populate Column K",ROUND(K11,2)),IF(AND(B$17='(H) OptionLists'!$H$7,C$17=""),"Populate Cell C17",IFERROR(ROUND(VLOOKUP($B$16,EDU_CI_Lookup,2,FALSE)*(IF(B$17='(H) OptionLists'!$H$5,VLOOKUP(E11,'(E) StatewideChange'!$B$5:$C$19,2,FALSE)/VLOOKUP(2026,'(E) StatewideChange'!$B$5:$C$19,2,FALSE),IF(B$17='(H) OptionLists'!$H$8,1,IF(B$17='(H) OptionLists'!$H$6,(2040-VALUE(LEFT(E11,4)))/(2040-2026),IF(B$17='(H) OptionLists'!$H$7,(1+C$17)^(VALUE(LEFT(E11,4))-2026),1))))),2),"Select valid EDU option"))))))) -> 92.16 | H11: =IF(LEFT(F11,3)="Pop",F11,IF(LEFT(G11,3)="Pop",G11,IFERROR(IF(E11="","",ROUND((IF($B$12="Light-medium-duty (14k pounds or less)",3.4,5)*VLOOKUP(E11,'(B) CI Standard'!$B$5:$D$19,IF($B$12="Light-medium-duty (14k pounds or less)",2,3),FALSE)-G11)*3.6/1000*F11,0)),""))) -> 25 | I11: =IF(E11="","",_xlfn.IFNA(IF(B$20='(H) OptionLists'!$E$7,IF(C$20="","Populate Cell C20",ROUND(C$20*IF($B$21="Nominal",1,INDEX('(G) Inflation'!$C$12:$N$16,MATCH($B$22,'(G) Inflation'!$B$12:$B$16,0),MATCH($C$21,'(F) Credit Price_nom'!$C$5:$Q$5,0))/INDEX('(G) Inflation'!$C$12:$N$16,MATCH($B$22,'(G) Inflation'!$B$12:$B$16,0),MATCH($E$7,'(F) Credit Price_nom'!$C$5:$Q$5,0))),2)),IF(B$20='(H) OptionLists'!$E$8,IF(L11="","Populate Column L",L11),ROUND(INDEX('(F) Credit Price_nom'!$C$6:$Q$7,MATCH($B$20,'(F) Credit Price_nom'!$B$6:$B$7,0),MATCH(E11,'(F) Credit Price_nom'!$C$5:$Q$5,0))*IF($B$21="Nominal",1,INDEX('(G) Inflation'!$C$12:$N$16,MATCH($B$22,'(G) Inflation'!$B$12:$B$16,0),MATCH($C$21,'(F) Credit Price_nom'!$C$5:$Q$5,0))/INDEX('(G) Inflation'!$C$12:$N$16,MATCH($B$22,'(G) Inflation'!$B$12:$B$16,0),MATCH($E$7,'(F) Credit Price_nom'!$C$5:$Q$5,0))),2))),IF(AND($B$19="single year",$C$19=""),"Populate Cell C19",IF(AND($B$21="Real (input dollar year in Column C)",$C$21=""),"Populate Cell C21","Check Cells C18:C21")))) -> 122.85 | J11: =IF(LEFT(H11,3)="Pop",H11,IF(LEFT(I11,3)="Pop",I11,H11*I11)) -> 3071.25
A12: Vehicle class | B12: Light-medium-duty (14k pounds or less) | E12: {=IF(B$19="All Years",INDEX(Years,ROW()-6),"")} -> 2031 | F12: =IF(AND($B$14="Manual",$C$14=""),"Populate Cell C14",IF(AND($B$15="Manual",$C$15=""),"Populate Cell C15",IF($B$14="Manual",$C$14,$B$14)/1000*IF($B$15="Manual",$C$15,$B$15)*IFERROR((DATE(E12+1,1,1)-DATE(E12,1,1)),366)*$B$13)) -> 41.0625 | G12: =IF(E12="","",IF(AND($B$16='(H) OptionLists'!$C$14,$C$16=""),"Populate Cell C16",IF($B$16='(H) OptionLists'!$C$5,IF(AND(B$17='(H) OptionLists'!$H$7,C$17=""),"Populate Cell C17",ROUND(StateGridAvg_2026*(IF(B$17='(H) OptionLists'!$H$5,VLOOKUP(E12,'(E) StatewideChange'!$B$5:$C$19,2,FALSE)/VLOOKUP(2026,'(E) StatewideChange'!$B$5:$C$19,2,FALSE),IF(B$17='(H) OptionLists'!$H$8,1,IF(B$17='(H) OptionLists'!$H$6,VLOOKUP(2026,'(E) StatewideChange'!$B$5:$C$19,2,FALSE)/VLOOKUP(E12,'(E) StatewideChange'!$B$5:$C$19,2,FALSE)*(2040-VALUE(LEFT(E12,4)))/(2040-2026),IF(B$17='(H) OptionLists'!$H$7,(1+C$17)^(VALUE(LEFT(E12,4))-2026),1))))),2)),IF($B$16='(H) OptionLists'!$C$14,IF(AND(B$17='(H) OptionLists'!$H$7,C$17=""),"Populate Cell C17",ROUND($C$16*(IF(B$17='(H) OptionLists'!$H$5,VLOOKUP(E12,'(E) StatewideChange'!$B$5:$C$19,2,FALSE)/VLOOKUP(2026,'(E) StatewideChange'!$B$5:$C$19,2,FALSE),IF(B$17='(H) OptionLists'!$H$8,1,IF(B$17='(H) OptionLists'!$H$6,(2040-VALUE(LEFT(E12,4)))/(2040-2026),IF(B$17='(H) OptionLists'!$H$7,(1+C$17)^(VALUE(LEFT(E12,4))-2026),1))))),2)),IF(B$16='(H) OptionLists'!$C$15,IF(K12="","Populate Column K",ROUND(K12,2)),IF(AND(B$17='(H) OptionLists'!$H$7,C$17=""),"Populate Cell C17",IFERROR(ROUND(VLOOKUP($B$16,EDU_CI_Lookup,2,FALSE)*(IF(B$17='(H) OptionLists'!$H$5,VLOOKUP(E12,'(E) StatewideChange'!$B$5:$C$19,2,FALSE)/VLOOKUP(2026,'(E) StatewideChange'!$B$5:$C$19,2,FALSE),IF(B$17='(H) OptionLists'!$H$8,1,IF(B$17='(H) OptionLists'!$H$6,(2040-VALUE(LEFT(E12,4)))/(2040-2026),IF(B$17='(H) OptionLists'!$H$7,(1+C$17)^(VALUE(LEFT(E12,4))-2026),1))))),2),"Select valid EDU option"))))))) -> 65.12 | H12: =IF(LEFT(F12,3)="Pop",F12,IF(LEFT(G12,3)="Pop",G12,IFERROR(IF(E12="","",ROUND((IF($B$12="Light-medium-duty (14k pounds or less)",3.4,5)*VLOOKUP(E12,'(B) CI Standard'!$B$5:$D$19,IF($B$12="Light-medium-duty (14k pounds or less)",2,3),FALSE)-G12)*3.6/1000*F12,0)),""))) -> 28 | I12: =IF(E12="","",_xlfn.IFNA(IF(B$20='(H) OptionLists'!$E$7,IF(C$20="","Populate Cell C20",ROUND(C$20*IF($B$21="Nominal",1,INDEX('(G) Inflation'!$C$12:$N$16,MATCH($B$22,'(G) Inflation'!$B$12:$B$16,0),MATCH($C$21,'(F) Credit Price_nom'!$C$5:$Q$5,0))/INDEX('(G) Inflation'!$C$12:$N$16,MATCH($B$22,'(G) Inflation'!$B$12:$B$16,0),MATCH($E$7,'(F) Credit Price_nom'!$C$5:$Q$5,0))),2)),IF(B$20='(H) OptionLists'!$E$8,IF(L12="","Populate Column L",L12),ROUND(INDEX('(F) Credit Price_nom'!$C$6:$Q$7,MATCH($B$20,'(F) Credit Price_nom'!$B$6:$B$7,0),MATCH(E12,'(F) Credit Price_nom'!$C$5:$Q$5,0))*IF($B$21="Nominal",1,INDEX('(G) Inflation'!$C$12:$N$16,MATCH($B$22,'(G) Inflation'!$B$12:$B$16,0),MATCH($C$21,'(F) Credit Price_nom'!$C$5:$Q$5,0))/INDEX('(G) Inflation'!$C$12:$N$16,MATCH($B$22,'(G) Inflation'!$B$12:$B$16,0),MATCH($E$7,'(F) Credit Price_nom'!$C$5:$Q$5,0))),2))),IF(AND($B$19="single year",$C$19=""),"Populate Cell C19",IF(AND($B$21="Real (input dollar year in Column C)",$C$21=""),"Populate Cell C21","Check Cells C18:C21")))) -> 106.1 | J12: =IF(LEFT(H12,3)="Pop",H12,IF(LEFT(I12,3)="Pop",I12,H12*I12)) -> 2970.8
A13: Number of chargers | B13: 5 | E13: {=IF(B$19="All Years",INDEX(Years,ROW()-6),"")} -> 2032 | F13: =IF(AND($B$14="Manual",$C$14=""),"Populate Cell C14",IF(AND($B$15="Manual",$C$15=""),"Populate Cell C15",IF($B$14="Manual",$C$14,$B$14)/1000*IF($B$15="Manual",$C$15,$B$15)*IFERROR((DATE(E13+1,1,1)-DATE(E13,1,1)),366)*$B$13)) -> 41.175 | G13: =IF(E13="","",IF(AND($B$16='(H) OptionLists'!$C$14,$C$16=""),"Populate Cell C16",IF($B$16='(H) OptionLists'!$C$5,IF(AND(B$17='(H) OptionLists'!$H$7,C$17=""),"Populate Cell C17",ROUND(StateGridAvg_2026*(IF(B$17='(H) OptionLists'!$H$5,VLOOKUP(E13,'(E) StatewideChange'!$B$5:$C$19,2,FALSE)/VLOOKUP(2026,'(E) StatewideChange'!$B$5:$C$19,2,FALSE),IF(B$17='(H) OptionLists'!$H$8,1,IF(B$17='(H) OptionLists'!$H$6,VLOOKUP(2026,'(E) StatewideChange'!$B$5:$C$19,2,FALSE)/VLOOKUP(E13,'(E) StatewideChange'!$B$5:$C$19,2,FALSE)*(2040-VALUE(LEFT(E13,4)))/(2040-2026),IF(B$17='(H) OptionLists'!$H$7,(1+C$17)^(VALUE(LEFT(E13,4))-2026),1))))),2)),IF($B$16='(H) OptionLists'!$C$14,IF(AND(B$17='(H) OptionLists'!$H$7,C$17=""),"Populate Cell C17",ROUND($C$16*(IF(B$17='(H) OptionLists'!$H$5,VLOOKUP(E13,'(E) StatewideChange'!$B$5:$C$19,2,FALSE)/VLOOKUP(2026,'(E) StatewideChange'!$B$5:$C$19,2,FALSE),IF(B$17='(H) OptionLists'!$H$8,1,IF(B$17='(H) OptionLists'!$H$6,(2040-VALUE(LEFT(E13,4)))/(2040-2026),IF(B$17='(H) OptionLists'!$H$7,(1+C$17)^(VALUE(LEFT(E13,4))-2026),1))))),2)),IF(B$16='(H) OptionLists'!$C$15,IF(K13="","Populate Column K",ROUND(K13,2)),IF(AND(B$17='(H) OptionLists'!$H$7,C$17=""),"Populate Cell C17",IFERROR(ROUND(VLOOKUP($B$16,EDU_CI_Lookup,2,FALSE)*(IF(B$17='(H) OptionLists'!$H$5,VLOOKUP(E13,'(E) StatewideChange'!$B$5:$C$19,2,FALSE)/VLOOKUP(2026,'(E) StatewideChange'!$B$5:$C$19,2,FALSE),IF(B$17='(H) OptionLists'!$H$8,1,IF(B$17='(H) OptionLists'!$H$6,(2040-VALUE(LEFT(E13,4)))/(2040-2026),IF(B$17='(H) OptionLists'!$H$7,(1+C$17)^(VALUE(LEFT(E13,4))-2026),1))))),2),"Select valid EDU option"))))))) -> 45.97 | H13: =IF(LEFT(F13,3)="Pop",F13,IF(LEFT(G13,3)="Pop",G13,IFERROR(IF(E13="","",ROUND((IF($B$12="Light-medium-duty (14k pounds or less)",3.4,5)*VLOOKUP(E13,'(B) CI Standard'!$B$5:$D$19,IF($B$12="Light-medium-duty (14k pounds or less)",2,3),FALSE)-G13)*3.6/1000*F13,0)),""))) -> 31 | I13: =IF(E13="","",_xlfn.IFNA(IF(B$20='(H) OptionLists'!$E$7,IF(C$20="","Populate Cell C20",ROUND(C$20*IF($B$21="Nominal",1,INDEX('(G) Inflation'!$C$12:$N$16,MATCH($B$22,'(G) Inflation'!$B$12:$B$16,0),MATCH($C$21,'(F) Credit Price_nom'!$C$5:$Q$5,0))/INDEX('(G) Inflation'!$C$12:$N$16,MATCH($B$22,'(G) Inflation'!$B$12:$B$16,0),MATCH($E$7,'(F) Credit Price_nom'!$C$5:$Q$5,0))),2)),IF(B$20='(H) OptionLists'!$E$8,IF(L13="","Populate Column L",L13),ROUND(INDEX('(F) Credit Price_nom'!$C$6:$Q$7,MATCH($B$20,'(F) Credit Price_nom'!$B$6:$B$7,0),MATCH(E13,'(F) Credit Price_nom'!$C$5:$Q$5,0))*IF($B$21="Nominal",1,INDEX('(G) Inflation'!$C$12:$N$16,MATCH($B$22,'(G) Inflation'!$B$12:$B$16,0),MATCH($C$21,'(F) Credit Price_nom'!$C$5:$Q$5,0))/INDEX('(G) Inflation'!$C$12:$N$16,MATCH($B$22,'(G) Inflation'!$B$12:$B$16,0),MATCH($E$7,'(F) Credit Price_nom'!$C$5:$Q$5,0))),2))),IF(AND($B$19="single year",$C$19=""),"Populate Cell C19",IF(AND($B$21="Real (input dollar year in Column C)",$C$21=""),"Populate Cell C21","Check Cells C18:C21")))) -> 89.08 | J13: =IF(LEFT(H13,3)="Pop",H13,IF(LEFT(I13,3)="Pop",I13,H13*I13)) -> 2761.48
A14: Capacity per charger (kilowatts)1,A | B14: 75 | E14: {=IF(B$19="All Years",INDEX(Years,ROW()-6),"")} -> 2033 | F14: =IF(AND($B$14="Manual",$C$14=""),"Populate Cell C14",IF(AND($B$15="Manual",$C$15=""),"Populate Cell C15",IF($B$14="Manual",$C$14,$B$14)/1000*IF($B$15="Manual",$C$15,$B$15)*IFERROR((DATE(E14+1,1,1)-DATE(E14,1,1)),366)*$B$13)) -> 41.0625 | G14: =IF(E14="","",IF(AND($B$16='(H) OptionLists'!$C$14,$C$16=""),"Populate Cell C16",IF($B$16='(H) OptionLists'!$C$5,IF(AND(B$17='(H) OptionLists'!$H$7,C$17=""),"Populate Cell C17",ROUND(StateGridAvg_2026*(IF(B$17='(H) OptionLists'!$H$5,VLOOKUP(E14,'(E) StatewideChange'!$B$5:$C$19,2,FALSE)/VLOOKUP(2026,'(E) StatewideChange'!$B$5:$C$19,2,FALSE),IF(B$17='(H) OptionLists'!$H$8,1,IF(B$17='(H) OptionLists'!$H$6,VLOOKUP(2026,'(E) StatewideChange'!$B$5:$C$19,2,FALSE)/VLOOKUP(E14,'(E) StatewideChange'!$B$5:$C$19,2,FALSE)*(2040-VALUE(LEFT(E14,4)))/(2040-2026),IF(B$17='(H) OptionLists'!$H$7,(1+C$17)^(VALUE(LEFT(E14,4))-2026),1))))),2)),IF($B$16='(H) OptionLists'!$C$14,IF(AND(B$17='(H) OptionLists'!$H$7,C$17=""),"Populate Cell C17",ROUND($C$16*(IF(B$17='(H) OptionLists'!$H$5,VLOOKUP(E14,'(E) StatewideChange'!$B$5:$C$19,2,FALSE)/VLOOKUP(2026,'(E) StatewideChange'!$B$5:$C$19,2,FALSE),IF(B$17='(H) OptionLists'!$H$8,1,IF(B$17='(H) OptionLists'!$H$6,(2040-VALUE(LEFT(E14,4)))/(2040-2026),IF(B$17='(H) OptionLists'!$H$7,(1+C$17)^(VALUE(LEFT(E14,4))-2026),1))))),2)),IF(B$16='(H) OptionLists'!$C$15,IF(K14="","Populate Column K",ROUND(K14,2)),IF(AND(B$17='(H) OptionLists'!$H$7,C$17=""),"Populate Cell C17",IFERROR(ROUND(VLOOKUP($B$16,EDU_CI_Lookup,2,FALSE)*(IF(B$17='(H) OptionLists'!$H$5,VLOOKUP(E14,'(E) StatewideChange'!$B$5:$C$19,2,FALSE)/VLOOKUP(2026,'(E) StatewideChange'!$B$5:$C$19,2,FALSE),IF(B$17='(H) OptionLists'!$H$8,1,IF(B$17='(H) OptionLists'!$H$6,(2040-VALUE(LEFT(E14,4)))/(2040-2026),IF(B$17='(H) OptionLists'!$H$7,(1+C$17)^(VALUE(LEFT(E14,4))-2026),1))))),2),"Select valid EDU option"))))))) -> 42.8 | H14: =IF(LEFT(F14,3)="Pop",F14,IF(LEFT(G14,3)="Pop",G14,IFERROR(IF(E14="","",ROUND((IF($B$12="Light-medium-duty (14k pounds or less)",3.4,5)*VLOOKUP(E14,'(B) CI Standard'!$B$5:$D$19,IF($B$12="Light-medium-duty (14k pounds or less)",2,3),FALSE)-G14)*3.6/1000*F14,0)),""))) -> 31 | I14: =IF(E14="","",_xlfn.IFNA(IF(B$20='(H) OptionLists'!$E$7,IF(C$20="","Populate Cell C20",ROUND(C$20*IF($B$21="Nominal",1,INDEX('(G) Inflation'!$C$12:$N$16,MATCH($B$22,'(G) Inflation'!$B$12:$B$16,0),MATCH($C$21,'(F) Credit Price_nom'!$C$5:$Q$5,0))/INDEX('(G) Inflation'!$C$12:$N$16,MATCH($B$22,'(G) Inflation'!$B$12:$B$16,0),MATCH($E$7,'(F) Credit Price_nom'!$C$5:$Q$5,0))),2)),IF(B$20='(H) OptionLists'!$E$8,IF(L14="","Populate Column L",L14),ROUND(INDEX('(F) Credit Price_nom'!$C$6:$Q$7,MATCH($B$20,'(F) Credit Price_nom'!$B$6:$B$7,0),MATCH(E14,'(F) Credit Price_nom'!$C$5:$Q$5,0))*IF($B$21="Nominal",1,INDEX('(G) Inflation'!$C$12:$N$16,MATCH($B$22,'(G) Inflation'!$B$12:$B$16,0),MATCH($C$21,'(F) Credit Price_nom'!$C$5:$Q$5,0))/INDEX('(G) Inflation'!$C$12:$N$16,MATCH($B$22,'(G) Inflation'!$B$12:$B$16,0),MATCH($E$7,'(F) Credit Price_nom'!$C$5:$Q$5,0))),2))),IF(AND($B$19="single year",$C$19=""),"Populate Cell C19",IF(AND($B$21="Real (input dollar year in Column C)",$C$21=""),"Populate Cell C21","Check Cells C18:C21")))) -> 73.54 | J14: =IF(LEFT(H14,3)="Pop",H14,IF(LEFT(I14,3)="Pop",I14,H14*I14)) -> 2279.74
A15: Average daily use (hours/day/charger)A | B15: 0.3 | C15: 5 | E15: {=IF(B$19="All Years",INDEX(Years,ROW()-6),"")} -> 2034 | F15: =IF(AND($B$14="Manual",$C$14=""),"Populate Cell C14",IF(AND($B$15="Manual",$C$15=""),"Populate Cell C15",IF($B$14="Manual",$C$14,$B$14)/1000*IF($B$15="Manual",$C$15,$B$15)*IFERROR((DATE(E15+1,1,1)-DATE(E15,1,1)),366)*$B$13)) -> 41.0625 | G15: =IF(E15="","",IF(AND($B$16='(H) OptionLists'!$C$14,$C$16=""),"Populate Cell C16",IF($B$16='(H) OptionLists'!$C$5,IF(AND(B$17='(H) OptionLists'!$H$7,C$17=""),"Populate Cell C17",ROUND(StateGridAvg_2026*(IF(B$17='(H) OptionLists'!$H$5,VLOOKUP(E15,'(E) StatewideChange'!$B$5:$C$19,2,FALSE)/VLOOKUP(2026,'(E) StatewideChange'!$B$5:$C$19,2,FALSE),IF(B$17='(H) OptionLists'!$H$8,1,IF(B$17='(H) OptionLists'!$H$6,VLOOKUP(2026,'(E) StatewideChange'!$B$5:$C$19,2,FALSE)/VLOOKUP(E15,'(E) StatewideChange'!$B$5:$C$19,2,FALSE)*(2040-VALUE(LEFT(E15,4)))/(2040-2026),IF(B$17='(H) OptionLists'!$H$7,(1+C$17)^(VALUE(LEFT(E15,4))-2026),1))))),2)),IF($B$16='(H) OptionLists'!$C$14,IF(AND(B$17='(H) OptionLists'!$H$7,C$17=""),"Populate Cell C17",ROUND($C$16*(IF(B$17='(H) OptionLists'!$H$5,VLOOKUP(E15,'(E) StatewideChange'!$B$5:$C$19,2,FALSE)/VLOOKUP(2026,'(E) StatewideChange'!$B$5:$C$19,2,FALSE),IF(B$17='(H) OptionLists'!$H$8,1,IF(B$17='(H) OptionLists'!$H$6,(2040-VALUE(LEFT(E15,4)))/(2040-2026),IF(B$17='(H) OptionLists'!$H$7,(1+C$17)^(VALUE(LEFT(E15,4))-2026),1))))),2)),IF(B$16='(H) OptionLists'!$C$15,IF(K15="","Populate Column K",ROUND(K15,2)),IF(AND(B$17='(H) OptionLists'!$H$7,C$17=""),"Populate Cell C17",IFERROR(ROUND(VLOOKUP($B$16,EDU_CI_Lookup,2,FALSE)*(IF(B$17='(H) OptionLists'!$H$5,VLOOKUP(E15,'(E) StatewideChange'!$B$5:$C$19,2,FALSE)/VLOOKUP(2026,'(E) StatewideChange'!$B$5:$C$19,2,FALSE),IF(B$17='(H) OptionLists'!$H$8,1,IF(B$17='(H) OptionLists'!$H$6,(2040-VALUE(LEFT(E15,4)))/(2040-2026),IF(B$17='(H) OptionLists'!$H$7,(1+C$17)^(VALUE(LEFT(E15,4))-2026),1))))),2),"Select valid EDU option"))))))) -> 42.2 | H15: =IF(LEFT(F15,3)="Pop",F15,IF(LEFT(G15,3)="Pop",G15,IFERROR(IF(E15="","",ROUND((IF($B$12="Light-medium-duty (14k pounds or less)",3.4,5)*VLOOKUP(E15,'(B) CI Standard'!$B$5:$D$19,IF($B$12="Light-medium-duty (14k pounds or less)",2,3),FALSE)-G15)*3.6/1000*F15,0)),""))) -> 30 | I15: =IF(E15="","",_xlfn.IFNA(IF(B$20='(H) OptionLists'!$E$7,IF(C$20="","Populate Cell C20",ROUND(C$20*IF($B$21="Nominal",1,INDEX('(G) Inflation'!$C$12:$N$16,MATCH($B$22,'(G) Inflation'!$B$12:$B$16,0),MATCH($C$21,'(F) Credit Price_nom'!$C$5:$Q$5,0))/INDEX('(G) Inflation'!$C$12:$N$16,MATCH($B$22,'(G) Inflation'!$B$12:$B$16,0),MATCH($E$7,'(F) Credit Price_nom'!$C$5:$Q$5,0))),2)),IF(B$20='(H) OptionLists'!$E$8,IF(L15="","Populate Column L",L15),ROUND(INDEX('(F) Credit Price_nom'!$C$6:$Q$7,MATCH($B$20,'(F) Credit Price_nom'!$B$6:$B$7,0),MATCH(E15,'(F) Credit Price_nom'!$C$5:$Q$5,0))*IF($B$21="Nominal",1,INDEX('(G) Inflation'!$C$12:$N$16,MATCH($B$22,'(G) Inflation'!$B$12:$B$16,0),MATCH($C$21,'(F) Credit Price_nom'!$C$5:$Q$5,0))/INDEX('(G) Inflation'!$C$12:$N$16,MATCH($B$22,'(G) Inflation'!$B$12:$B$16,0),MATCH($E$7,'(F) Credit Price_nom'!$C$5:$Q$5,0))),2))),IF(AND($B$19="single year",$C$19=""),"Populate Cell C19",IF(AND($B$21="Real (input dollar year in Column C)",$C$21=""),"Populate Cell C21","Check Cells C18:C21")))) -> 75.24 | J15: =IF(LEFT(H15,3)="Pop",H15,IF(LEFT(I15,3)="Pop",I15,H15*I15)) -> 2257.2
A16: 2026 Grid/EDU carbon intensity (gCO2e/MJ)2,C,D,H | B16: Los Alamos DPUE (117.5 gCO2e/MJ) | C16: 80 | E16: {=IF(B$19="All Years",INDEX(Years,ROW()-6),"")} -> 2035 | F16: =IF(AND($B$14="Manual",$C$14=""),"Populate Cell C14",IF(AND($B$15="Manual",$C$15=""),"Populate Cell C15",IF($B$14="Manual",$C$14,$B$14)/1000*IF($B$15="Manual",$C$15,$B$15)*IFERROR((DATE(E16+1,1,1)-DATE(E16,1,1)),366)*$B$13)) -> 41.0625 | G16: =IF(E16="","",IF(AND($B$16='(H) OptionLists'!$C$14,$C$16=""),"Populate Cell C16",IF($B$16='(H) OptionLists'!$C$5,IF(AND(B$17='(H) OptionLists'!$H$7,C$17=""),"Populate Cell C17",ROUND(StateGridAvg_2026*(IF(B$17='(H) OptionLists'!$H$5,VLOOKUP(E16,'(E) StatewideChange'!$B$5:$C$19,2,FALSE)/VLOOKUP(2026,'(E) StatewideChange'!$B$5:$C$19,2,FALSE),IF(B$17='(H) OptionLists'!$H$8,1,IF(B$17='(H) OptionLists'!$H$6,VLOOKUP(2026,'(E) StatewideChange'!$B$5:$C$19,2,FALSE)/VLOOKUP(E16,'(E) StatewideChange'!$B$5:$C$19,2,FALSE)*(2040-VALUE(LEFT(E16,4)))/(2040-2026),IF(B$17='(H) OptionLists'!$H$7,(1+C$17)^(VALUE(LEFT(E16,4))-2026),1))))),2)),IF($B$16='(H) OptionLists'!$C$14,IF(AND(B$17='(H) OptionLists'!$H$7,C$17=""),"Populate Cell C17",ROUND($C$16*(IF(B$17='(H) OptionLists'!$H$5,VLOOKUP(E16,'(E) StatewideChange'!$B$5:$C$19,2,FALSE)/VLOOKUP(2026,'(E) StatewideChange'!$B$5:$C$19,2,FALSE),IF(B$17='(H) OptionLists'!$H$8,1,IF(B$17='(H) OptionLists'!$H$6,(2040-VALUE(LEFT(E16,4)))/(2040-2026),IF(B$17='(H) OptionLists'!$H$7,(1+C$17)^(VALUE(LEFT(E16,4))-2026),1))))),2)),IF(B$16='(H) OptionLists'!$C$15,IF(K16="","Populate Column K",ROUND(K16,2)),IF(AND(B$17='(H) OptionLists'!$H$7,C$17=""),"Populate Cell C17",IFERROR(ROUND(VLOOKUP($B$16,EDU_CI_Lookup,2,FALSE)*(IF(B$17='(H) OptionLists'!$H$5,VLOOKUP(E16,'(E) StatewideChange'!$B$5:$C$19,2,FALSE)/VLOOKUP(2026,'(E) StatewideChange'!$B$5:$C$19,2,FALSE),IF(B$17='(H) OptionLists'!$H$8,1,IF(B$17='(H) OptionLists'!$H$6,(2040-VALUE(LEFT(E16,4)))/(2040-2026),IF(B$17='(H) OptionLists'!$H$7,(1+C$17)^(VALUE(LEFT(E16,4))-2026),1))))),2),"Select valid EDU option"))))))) -> 37.43 | H16: =IF(LEFT(F16,3)="Pop",F16,IF(LEFT(G16,3)="Pop",G16,IFERROR(IF(E16="","",ROUND((IF($B$12="Light-medium-duty (14k pounds or less)",3.4,5)*VLOOKUP(E16,'(B) CI Standard'!$B$5:$D$19,IF($B$12="Light-medium-duty (14k pounds or less)",2,3),FALSE)-G16)*3.6/1000*F16,0)),""))) -> 31 | I16: =IF(E16="","",_xlfn.IFNA(IF(B$20='(H) OptionLists'!$E$7,IF(C$20="","Populate Cell C20",ROUND(C$20*IF($B$21="Nominal",1,INDEX('(G) Inflation'!$C$12:$N$16,MATCH($B$22,'(G) Inflation'!$B$12:$B$16,0),MATCH($C$21,'(F) Credit Price_nom'!$C$5:$Q$5,0))/INDEX('(G) Inflation'!$C$12:$N$16,MATCH($B$22,'(G) Inflation'!$B$12:$B$16,0),MATCH($E$7,'(F) Credit Price_nom'!$C$5:$Q$5,0))),2)),IF(B$20='(H) OptionLists'!$E$8,IF(L16="","Populate Column L",L16),ROUND(INDEX('(F) Credit Price_nom'!$C$6:$Q$7,MATCH($B$20,'(F) Credit Price_nom'!$B$6:$B$7,0),MATCH(E16,'(F) Credit Price_nom'!$C$5:$Q$5,0))*IF($B$21="Nominal",1,INDEX('(G) Inflation'!$C$12:$N$16,MATCH($B$22,'(G) Inflation'!$B$12:$B$16,0),MATCH($C$21,'(F) Credit Price_nom'!$C$5:$Q$5,0))/INDEX('(G) Inflation'!$C$12:$N$16,MATCH($B$22,'(G) Inflation'!$B$12:$B$16,0),MATCH($E$7,'(F) Credit Price_nom'!$C$5:$Q$5,0))),2))),IF(AND($B$19="single year",$C$19=""),"Populate Cell C19",IF(AND($B$21="Real (input dollar year in Column C)",$C$21=""),"Populate Cell C21","Check Cells C18:C21")))) -> 77.25 | J16: =IF(LEFT(H16,3)="Pop",H16,IF(LEFT(I16,3)="Pop",I16,H16*I16)) -> 2394.75
A17: Annual carbon intensity changeE,H | B17: Statewide change | C17: -0.05 | E17: {=IF(B$19="All Years",INDEX(Years,ROW()-6),"")} -> 2036 | F17: =IF(AND($B$14="Manual",$C$14=""),"Populate Cell C14",IF(AND($B$15="Manual",$C$15=""),"Populate Cell C15",IF($B$14="Manual",$C$14,$B$14)/1000*IF($B$15="Manual",$C$15,$B$15)*IFERROR((DATE(E17+1,1,1)-DATE(E17,1,1)),366)*$B$13)) -> 41.175 | G17: =IF(E17="","",IF(AND($B$16='(H) OptionLists'!$C$14,$C$16=""),"Populate Cell C16",IF($B$16='(H) OptionLists'!$C$5,IF(AND(B$17='(H) OptionLists'!$H$7,C$17=""),"Populate Cell C17",ROUND(StateGridAvg_2026*(IF(B$17='(H) OptionLists'!$H$5,VLOOKUP(E17,'(E) StatewideChange'!$B$5:$C$19,2,FALSE)/VLOOKUP(2026,'(E) StatewideChange'!$B$5:$C$19,2,FALSE),IF(B$17='(H) OptionLists'!$H$8,1,IF(B$17='(H) OptionLists'!$H$6,VLOOKUP(2026,'(E) StatewideChange'!$B$5:$C$19,2,FALSE)/VLOOKUP(E17,'(E) StatewideChange'!$B$5:$C$19,2,FALSE)*(2040-VALUE(LEFT(E17,4)))/(2040-2026),IF(B$17='(H) OptionLists'!$H$7,(1+C$17)^(VALUE(LEFT(E17,4))-2026),1))))),2)),IF($B$16='(H) OptionLists'!$C$14,IF(AND(B$17='(H) OptionLists'!$H$7,C$17=""),"Populate Cell C17",ROUND($C$16*(IF(B$17='(H) OptionLists'!$H$5,VLOOKUP(E17,'(E) StatewideChange'!$B$5:$C$19,2,FALSE)/VLOOKUP(2026,'(E) StatewideChange'!$B$5:$C$19,2,FALSE),IF(B$17='(H) OptionLists'!$H$8,1,IF(B$17='(H) OptionLists'!$H$6,(2040-VALUE(LEFT(E17,4)))/(2040-2026),IF(B$17='(H) OptionLists'!$H$7,(1+C$17)^(VALUE(LEFT(E17,4))-2026),1))))),2)),IF(B$16='(H) OptionLists'!$C$15,IF(K17="","Populate Column K",ROUND(K17,2)),IF(AND(B$17='(H) OptionLists'!$H$7,C$17=""),"Populate Cell C17",IFERROR(ROUND(VLOOKUP($B$16,EDU_CI_Lookup,2,FALSE)*(IF(B$17='(H) OptionLists'!$H$5,VLOOKUP(E17,'(E) StatewideChange'!$B$5:$C$19,2,FALSE)/VLOOKUP(2026,'(E) StatewideChange'!$B$5:$C$19,2,FALSE),IF(B$17='(H) OptionLists'!$H$8,1,IF(B$17='(H) OptionLists'!$H$6,(2040-VALUE(LEFT(E17,4)))/(2040-2026),IF(B$17='(H) OptionLists'!$H$7,(1+C$17)^(VALUE(LEFT(E17,4))-2026),1))))),2),"Select valid EDU option"))))))) -> 34.9 | H17: =IF(LEFT(F17,3)="Pop",F17,IF(LEFT(G17,3)="Pop",G17,IFERROR(IF(E17="","",ROUND((IF($B$12="Light-medium-duty (14k pounds or less)",3.4,5)*VLOOKUP(E17,'(B) CI Standard'!$B$5:$D$19,IF($B$12="Light-medium-duty (14k pounds or less)",2,3),FALSE)-G17)*3.6/1000*F17,0)),""))) -> 30 | I17: =IF(E17="","",_xlfn.IFNA(IF(B$20='(H) OptionLists'!$E$7,IF(C$20="","Populate Cell C20",ROUND(C$20*IF($B$21="Nominal",1,INDEX('(G) Inflation'!$C$12:$N$16,MATCH($B$22,'(G) Inflation'!$B$12:$B$16,0),MATCH($C$21,'(F) Credit Price_nom'!$C$5:$Q$5,0))/INDEX('(G) Inflation'!$C$12:$N$16,MATCH($B$22,'(G) Inflation'!$B$12:$B$16,0),MATCH($E$7,'(F) Credit Price_nom'!$C$5:$Q$5,0))),2)),IF(B$20='(H) OptionLists'!$E$8,IF(L17="","Populate Column L",L17),ROUND(INDEX('(F) Credit Price_nom'!$C$6:$Q$7,MATCH($B$20,'(F) Credit Price_nom'!$B$6:$B$7,0),MATCH(E17,'(F) Credit Price_nom'!$C$5:$Q$5,0))*IF($B$21="Nominal",1,INDEX('(G) Inflation'!$C$12:$N$16,MATCH($B$22,'(G) Inflation'!$B$12:$B$16,0),MATCH($C$21,'(F) Credit Price_nom'!$C$5:$Q$5,0))/INDEX('(G) Inflation'!$C$12:$N$16,MATCH($B$22,'(G) Inflation'!$B$12:$B$16,0),MATCH($E$7,'(F) Credit Price_nom'!$C$5:$Q$5,0))),2))),IF(AND($B$19="single year",$C$19=""),"Populate Cell C19",IF(AND($B$21="Real (input dollar year in Column C)",$C$21=""),"Populate Cell C21","Check Cells C18:C21")))) -> 78.93 | J17: =IF(LEFT(H17,3)="Pop",H17,IF(LEFT(I17,3)="Pop",I17,H17*I17)) -> 2367.9
A18: Financial info | C18: Input value if orange | E18: {=IF(B$19="All Years",INDEX(Years,ROW()-6),"")} -> 2037 | F18: =IF(AND($B$14="Manual",$C$14=""),"Populate Cell C14",IF(AND($B$15="Manual",$C$15=""),"Populate Cell C15",IF($B$14="Manual",$C$14,$B$14)/1000*IF($B$15="Manual",$C$15,$B$15)*IFERROR((DATE(E18+1,1,1)-DATE(E18,1,1)),366)*$B$13)) -> 41.0625 | G18: =IF(E18="","",IF(AND($B$16='(H) OptionLists'!$C$14,$C$16=""),"Populate Cell C16",IF($B$16='(H) OptionLists'!$C$5,IF(AND(B$17='(H) OptionLists'!$H$7,C$17=""),"Populate Cell C17",ROUND(StateGridAvg_2026*(IF(B$17='(H) OptionLists'!$H$5,VLOOKUP(E18,'(E) StatewideChange'!$B$5:$C$19,2,FALSE)/VLOOKUP(2026,'(E) StatewideChange'!$B$5:$C$19,2,FALSE),IF(B$17='(H) OptionLists'!$H$8,1,IF(B$17='(H) OptionLists'!$H$6,VLOOKUP(2026,'(E) StatewideChange'!$B$5:$C$19,2,FALSE)/VLOOKUP(E18,'(E) StatewideChange'!$B$5:$C$19,2,FALSE)*(2040-VALUE(LEFT(E18,4)))/(2040-2026),IF(B$17='(H) OptionLists'!$H$7,(1+C$17)^(VALUE(LEFT(E18,4))-2026),1))))),2)),IF($B$16='(H) OptionLists'!$C$14,IF(AND(B$17='(H) OptionLists'!$H$7,C$17=""),"Populate Cell C17",ROUND($C$16*(IF(B$17='(H) OptionLists'!$H$5,VLOOKUP(E18,'(E) StatewideChange'!$B$5:$C$19,2,FALSE)/VLOOKUP(2026,'(E) StatewideChange'!$B$5:$C$19,2,FALSE),IF(B$17='(H) OptionLists'!$H$8,1,IF(B$17='(H) OptionLists'!$H$6,(2040-VALUE(LEFT(E18,4)))/(2040-2026),IF(B$17='(H) OptionLists'!$H$7,(1+C$17)^(VALUE(LEFT(E18,4))-2026),1))))),2)),IF(B$16='(H) OptionLists'!$C$15,IF(K18="","Populate Column K",ROUND(K18,2)),IF(AND(B$17='(H) OptionLists'!$H$7,C$17=""),"Populate Cell C17",IFERROR(ROUND(VLOOKUP($B$16,EDU_CI_Lookup,2,FALSE)*(IF(B$17='(H) OptionLists'!$H$5,VLOOKUP(E18,'(E) StatewideChange'!$B$5:$C$19,2,FALSE)/VLOOKUP(2026,'(E) StatewideChange'!$B$5:$C$19,2,FALSE),IF(B$17='(H) OptionLists'!$H$8,1,IF(B$17='(H) OptionLists'!$H$6,(2040-VALUE(LEFT(E18,4)))/(2040-2026),IF(B$17='(H) OptionLists'!$H$7,(1+C$17)^(VALUE(LEFT(E18,4))-2026),1))))),2),"Select valid EDU option"))))))) -> 31.6 | H18: =IF(LEFT(F18,3)="Pop",F18,IF(LEFT(G18,3)="Pop",G18,IFERROR(IF(E18="","",ROUND((IF($B$12="Light-medium-duty (14k pounds or less)",3.4,5)*VLOOKUP(E18,'(B) CI Standard'!$B$5:$D$19,IF($B$12="Light-medium-duty (14k pounds or less)",2,3),FALSE)-G18)*3.6/1000*F18,0)),""))) -> 30 | I18: =IF(E18="","",_xlfn.IFNA(IF(B$20='(H) OptionLists'!$E$7,IF(C$20="","Populate Cell C20",ROUND(C$20*IF($B$21="Nominal",1,INDEX('(G) Inflation'!$C$12:$N$16,MATCH($B$22,'(G) Inflation'!$B$12:$B$16,0),MATCH($C$21,'(F) Credit Price_nom'!$C$5:$Q$5,0))/INDEX('(G) Inflation'!$C$12:$N$16,MATCH($B$22,'(G) Inflation'!$B$12:$B$16,0),MATCH($E$7,'(F) Credit Price_nom'!$C$5:$Q$5,0))),2)),IF(B$20='(H) OptionLists'!$E$8,IF(L18="","Populate Column L",L18),ROUND(INDEX('(F) Credit Price_nom'!$C$6:$Q$7,MATCH($B$20,'(F) Credit Price_nom'!$B$6:$B$7,0),MATCH(E18,'(F) Credit Price_nom'!$C$5:$Q$5,0))*IF($B$21="Nominal",1,INDEX('(G) Inflation'!$C$12:$N$16,MATCH($B$22,'(G) Inflation'!$B$12:$B$16,0),MATCH($C$21,'(F) Credit Price_nom'!$C$5:$Q$5,0))/INDEX('(G) Inflation'!$C$12:$N$16,MATCH($B$22,'(G) Inflation'!$B$12:$B$16,0),MATCH($E$7,'(F) Credit Price_nom'!$C$5:$Q$5,0))),2))),IF(AND($B$19="single year",$C$19=""),"Populate Cell C19",IF(AND($B$21="Real (input dollar year in Column C)",$C$21=""),"Populate Cell C21","Check Cells C18:C21")))) -> 80.9 | J18: =IF(LEFT(H18,3)="Pop",H18,IF(LEFT(I18,3)="Pop",I18,H18*I18)) -> 2427
A19: Output results year(s) | B19: All years | C19: 2026 | E19: {=IF(B$19="All Years",INDEX(Years,ROW()-6),"")} -> 2038 | F19: =IF(AND($B$14="Manual",$C$14=""),"Populate Cell C14",IF(AND($B$15="Manual",$C$15=""),"Populate Cell C15",IF($B$14="Manual",$C$14,$B$14)/1000*IF($B$15="Manual",$C$15,$B$15)*IFERROR((DATE(E19+1,1,1)-DATE(E19,1,1)),366)*$B$13)) -> 41.0625 | G19: =IF(E19="","",IF(AND($B$16='(H) OptionLists'!$C$14,$C$16=""),"Populate Cell C16",IF($B$16='(H) OptionLists'!$C$5,IF(AND(B$17='(H) OptionLists'!$H$7,C$17=""),"Populate Cell C17",ROUND(StateGridAvg_2026*(IF(B$17='(H) OptionLists'!$H$5,VLOOKUP(E19,'(E) StatewideChange'!$B$5:$C$19,2,FALSE)/VLOOKUP(2026,'(E) StatewideChange'!$B$5:$C$19,2,FALSE),IF(B$17='(H) OptionLists'!$H$8,1,IF(B$17='(H) OptionLists'!$H$6,VLOOKUP(2026,'(E) StatewideChange'!$B$5:$C$19,2,FALSE)/VLOOKUP(E19,'(E) StatewideChange'!$B$5:$C$19,2,FALSE)*(2040-VALUE(LEFT(E19,4)))/(2040-2026),IF(B$17='(H) OptionLists'!$H$7,(1+C$17)^(VALUE(LEFT(E19,4))-2026),1))))),2)),IF($B$16='(H) OptionLists'!$C$14,IF(AND(B$17='(H) OptionLists'!$H$7,C$17=""),"Populate Cell C17",ROUND($C$16*(IF(B$17='(H) OptionLists'!$H$5,VLOOKUP(E19,'(E) StatewideChange'!$B$5:$C$19,2,FALSE)/VLOOKUP(2026,'(E) StatewideChange'!$B$5:$C$19,2,FALSE),IF(B$17='(H) OptionLists'!$H$8,1,IF(B$17='(H) OptionLists'!$H$6,(2040-VALUE(LEFT(E19,4)))/(2040-2026),IF(B$17='(H) OptionLists'!$H$7,(1+C$17)^(VALUE(LEFT(E19,4))-2026),1))))),2)),IF(B$16='(H) OptionLists'!$C$15,IF(K19="","Populate Column K",ROUND(K19,2)),IF(AND(B$17='(H) OptionLists'!$H$7,C$17=""),"Populate Cell C17",IFERROR(ROUND(VLOOKUP($B$16,EDU_CI_Lookup,2,FALSE)*(IF(B$17='(H) OptionLists'!$H$5,VLOOKUP(E19,'(E) StatewideChange'!$B$5:$C$19,2,FALSE)/VLOOKUP(2026,'(E) StatewideChange'!$B$5:$C$19,2,FALSE),IF(B$17='(H) OptionLists'!$H$8,1,IF(B$17='(H) OptionLists'!$H$6,(2040-VALUE(LEFT(E19,4)))/(2040-2026),IF(B$17='(H) OptionLists'!$H$7,(1+C$17)^(VALUE(LEFT(E19,4))-2026),1))))),2),"Select valid EDU option"))))))) -> 31.84 | H19: =IF(LEFT(F19,3)="Pop",F19,IF(LEFT(G19,3)="Pop",G19,IFERROR(IF(E19="","",ROUND((IF($B$12="Light-medium-duty (14k pounds or less)",3.4,5)*VLOOKUP(E19,'(B) CI Standard'!$B$5:$D$19,IF($B$12="Light-medium-duty (14k pounds or less)",2,3),FALSE)-G19)*3.6/1000*F19,0)),""))) -> 30 | I19: =IF(E19="","",_xlfn.IFNA(IF(B$20='(H) OptionLists'!$E$7,IF(C$20="","Populate Cell C20",ROUND(C$20*IF($B$21="Nominal",1,INDEX('(G) Inflation'!$C$12:$N$16,MATCH($B$22,'(G) Inflation'!$B$12:$B$16,0),MATCH($C$21,'(F) Credit Price_nom'!$C$5:$Q$5,0))/INDEX('(G) Inflation'!$C$12:$N$16,MATCH($B$22,'(G) Inflation'!$B$12:$B$16,0),MATCH($E$7,'(F) Credit Price_nom'!$C$5:$Q$5,0))),2)),IF(B$20='(H) OptionLists'!$E$8,IF(L19="","Populate Column L",L19),ROUND(INDEX('(F) Credit Price_nom'!$C$6:$Q$7,MATCH($B$20,'(F) Credit Price_nom'!$B$6:$B$7,0),MATCH(E19,'(F) Credit Price_nom'!$C$5:$Q$5,0))*IF($B$21="Nominal",1,INDEX('(G) Inflation'!$C$12:$N$16,MATCH($B$22,'(G) Inflation'!$B$12:$B$16,0),MATCH($C$21,'(F) Credit Price_nom'!$C$5:$Q$5,0))/INDEX('(G) Inflation'!$C$12:$N$16,MATCH($B$22,'(G) Inflation'!$B$12:$B$16,0),MATCH($E$7,'(F) Credit Price_nom'!$C$5:$Q$5,0))),2))),IF(AND($B$19="single year",$C$19=""),"Populate Cell C19",IF(AND($B$21="Real (input dollar year in Column C)",$C$21=""),"Populate Cell C21","Check Cells C18:C21")))) -> 82.85 | J19: =IF(LEFT(H19,3)="Pop",H19,IF(LEFT(I19,3)="Pop",I19,H19*I19)) -> 2485.5
A20: Credit Price ScenarioF,H | B20: Rebuttal Sensitivity Analysis | C20: 50 | E20: {=IF(B$19="All Years",INDEX(Years,ROW()-6),"")} -> 2039 | F20: =IF(AND($B$14="Manual",$C$14=""),"Populate Cell C14",IF(AND($B$15="Manual",$C$15=""),"Populate Cell C15",IF($B$14="Manual",$C$14,$B$14)/1000*IF($B$15="Manual",$C$15,$B$15)*IFERROR((DATE(E20+1,1,1)-DATE(E20,1,1)),366)*$B$13)) -> 41.0625 | G20: =IF(E20="","",IF(AND($B$16='(H) OptionLists'!$C$14,$C$16=""),"Populate Cell C16",IF($B$16='(H) OptionLists'!$C$5,IF(AND(B$17='(H) OptionLists'!$H$7,C$17=""),"Populate Cell C17",ROUND(StateGridAvg_2026*(IF(B$17='(H) OptionLists'!$H$5,VLOOKUP(E20,'(E) StatewideChange'!$B$5:$C$19,2,FALSE)/VLOOKUP(2026,'(E) StatewideChange'!$B$5:$C$19,2,FALSE),IF(B$17='(H) OptionLists'!$H$8,1,IF(B$17='(H) OptionLists'!$H$6,VLOOKUP(2026,'(E) StatewideChange'!$B$5:$C$19,2,FALSE)/VLOOKUP(E20,'(E) StatewideChange'!$B$5:$C$19,2,FALSE)*(2040-VALUE(LEFT(E20,4)))/(2040-2026),IF(B$17='(H) OptionLists'!$H$7,(1+C$17)^(VALUE(LEFT(E20,4))-2026),1))))),2)),IF($B$16='(H) OptionLists'!$C$14,IF(AND(B$17='(H) OptionLists'!$H$7,C$17=""),"Populate Cell C17",ROUND($C$16*(IF(B$17='(H) OptionLists'!$H$5,VLOOKUP(E20,'(E) StatewideChange'!$B$5:$C$19,2,FALSE)/VLOOKUP(2026,'(E) StatewideChange'!$B$5:$C$19,2,FALSE),IF(B$17='(H) OptionLists'!$H$8,1,IF(B$17='(H) OptionLists'!$H$6,(2040-VALUE(LEFT(E20,4)))/(2040-2026),IF(B$17='(H) OptionLists'!$H$7,(1+C$17)^(VALUE(LEFT(E20,4))-2026),1))))),2)),IF(B$16='(H) OptionLists'!$C$15,IF(K20="","Populate Column K",ROUND(K20,2)),IF(AND(B$17='(H) OptionLists'!$H$7,C$17=""),"Populate Cell C17",IFERROR(ROUND(VLOOKUP($B$16,EDU_CI_Lookup,2,FALSE)*(IF(B$17='(H) OptionLists'!$H$5,VLOOKUP(E20,'(E) StatewideChange'!$B$5:$C$19,2,FALSE)/VLOOKUP(2026,'(E) StatewideChange'!$B$5:$C$19,2,FALSE),IF(B$17='(H) OptionLists'!$H$8,1,IF(B$17='(H) OptionLists'!$H$6,(2040-VALUE(LEFT(E20,4)))/(2040-2026),IF(B$17='(H) OptionLists'!$H$7,(1+C$17)^(VALUE(LEFT(E20,4))-2026),1))))),2),"Select valid EDU option"))))))) -> 32.39 | H20: =IF(LEFT(F20,3)="Pop",F20,IF(LEFT(G20,3)="Pop",G20,IFERROR(IF(E20="","",ROUND((IF($B$12="Light-medium-duty (14k pounds or less)",3.4,5)*VLOOKUP(E20,'(B) CI Standard'!$B$5:$D$19,IF($B$12="Light-medium-duty (14k pounds or less)",2,3),FALSE)-G20)*3.6/1000*F20,0)),""))) -> 29 | I20: =IF(E20="","",_xlfn.IFNA(IF(B$20='(H) OptionLists'!$E$7,IF(C$20="","Populate Cell C20",ROUND(C$20*IF($B$21="Nominal",1,INDEX('(G) Inflation'!$C$12:$N$16,MATCH($B$22,'(G) Inflation'!$B$12:$B$16,0),MATCH($C$21,'(F) Credit Price_nom'!$C$5:$Q$5,0))/INDEX('(G) Inflation'!$C$12:$N$16,MATCH($B$22,'(G) Inflation'!$B$12:$B$16,0),MATCH($E$7,'(F) Credit Price_nom'!$C$5:$Q$5,0))),2)),IF(B$20='(H) OptionLists'!$E$8,IF(L20="","Populate Column L",L20),ROUND(INDEX('(F) Credit Price_nom'!$C$6:$Q$7,MATCH($B$20,'(F) Credit Price_nom'!$B$6:$B$7,0),MATCH(E20,'(F) Credit Price_nom'!$C$5:$Q$5,0))*IF($B$21="Nominal",1,INDEX('(G) Inflation'!$C$12:$N$16,MATCH($B$22,'(G) Inflation'!$B$12:$B$16,0),MATCH($C$21,'(F) Credit Price_nom'!$C$5:$Q$5,0))/INDEX('(G) Inflation'!$C$12:$N$16,MATCH($B$22,'(G) Inflation'!$B$12:$B$16,0),MATCH($E$7,'(F) Credit Price_nom'!$C$5:$Q$5,0))),2))),IF(AND($B$19="single year",$C$19=""),"Populate Cell C19",IF(AND($B$21="Real (input dollar year in Column C)",$C$21=""),"Populate Cell C21","Check Cells C18:C21")))) -> 84.72 | J20: =IF(LEFT(H20,3)="Pop",H20,IF(LEFT(I20,3)="Pop",I20,H20*I20)) -> 2456.88
A21: Dollar typeG | B21: Real (input dollar year in Column C) | C21: 2026 | E21: {=IF(B$19="All Years",INDEX(Years,ROW()-6),"")} -> 2040 and subsequent years | F21: =IF(AND($B$14="Manual",$C$14=""),"Populate Cell C14",IF(AND($B$15="Manual",$C$15=""),"Populate Cell C15",IF($B$14="Manual",$C$14,$B$14)/1000*IF($B$15="Manual",$C$15,$B$15)*IFERROR((DATE(E21+1,1,1)-DATE(E21,1,1)),366)*$B$13)) -> 41.175 | G21: =IF(E21="","",IF(AND($B$16='(H) OptionLists'!$C$14,$C$16=""),"Populate Cell C16",IF($B$16='(H) OptionLists'!$C$5,IF(AND(B$17='(H) OptionLists'!$H$7,C$17=""),"Populate Cell C17",ROUND(StateGridAvg_2026*(IF(B$17='(H) OptionLists'!$H$5,VLOOKUP(E21,'(E) StatewideChange'!$B$5:$C$19,2,FALSE)/VLOOKUP(2026,'(E) StatewideChange'!$B$5:$C$19,2,FALSE),IF(B$17='(H) OptionLists'!$H$8,1,IF(B$17='(H) OptionLists'!$H$6,VLOOKUP(2026,'(E) StatewideChange'!$B$5:$C$19,2,FALSE)/VLOOKUP(E21,'(E) StatewideChange'!$B$5:$C$19,2,FALSE)*(2040-VALUE(LEFT(E21,4)))/(2040-2026),IF(B$17='(H) OptionLists'!$H$7,(1+C$17)^(VALUE(LEFT(E21,4))-2026),1))))),2)),IF($B$16='(H) OptionLists'!$C$14,IF(AND(B$17='(H) OptionLists'!$H$7,C$17=""),"Populate Cell C17",ROUND($C$16*(IF(B$17='(H) OptionLists'!$H$5,VLOOKUP(E21,'(E) StatewideChange'!$B$5:$C$19,2,FALSE)/VLOOKUP(2026,'(E) StatewideChange'!$B$5:$C$19,2,FALSE),IF(B$17='(H) OptionLists'!$H$8,1,IF(B$17='(H) OptionLists'!$H$6,(2040-VALUE(LEFT(E21,4)))/(2040-2026),IF(B$17='(H) OptionLists'!$H$7,(1+C$17)^(VALUE(LEFT(E21,4))-2026),1))))),2)),IF(B$16='(H) OptionLists'!$C$15,IF(K21="","Populate Column K",ROUND(K21,2)),IF(AND(B$17='(H) OptionLists'!$H$7,C$17=""),"Populate Cell C17",IFERROR(ROUND(VLOOKUP($B$16,EDU_CI_Lookup,2,FALSE)*(IF(B$17='(H) OptionLists'!$H$5,VLOOKUP(E21,'(E) StatewideChange'!$B$5:$C$19,2,FALSE)/VLOOKUP(2026,'(E) StatewideChange'!$B$5:$C$19,2,FALSE),IF(B$17='(H) OptionLists'!$H$8,1,IF(B$17='(H) OptionLists'!$H$6,(2040-VALUE(LEFT(E21,4)))/(2040-2026),IF(B$17='(H) OptionLists'!$H$7,(1+C$17)^(VALUE(LEFT(E21,4))-2026),1))))),2),"Select valid EDU option"))))))) -> 27.23 | H21: =IF(LEFT(F21,3)="Pop",F21,IF(LEFT(G21,3)="Pop",G21,IFERROR(IF(E21="","",ROUND((IF($B$12="Light-medium-duty (14k pounds or less)",3.4,5)*VLOOKUP(E21,'(B) CI Standard'!$B$5:$D$19,IF($B$12="Light-medium-duty (14k pounds or less)",2,3),FALSE)-G21)*3.6/1000*F21,0)),""))) -> 30 | I21: =IF(E21="","",_xlfn.IFNA(IF(B$20='(H) OptionLists'!$E$7,IF(C$20="","Populate Cell C20",ROUND(C$20*IF($B$21="Nominal",1,INDEX('(G) Inflation'!$C$12:$N$16,MATCH($B$22,'(G) Inflation'!$B$12:$B$16,0),MATCH($C$21,'(F) Credit Price_nom'!$C$5:$Q$5,0))/INDEX('(G) Inflation'!$C$12:$N$16,MATCH($B$22,'(G) Inflation'!$B$12:$B$16,0),MATCH($E$7,'(F) Credit Price_nom'!$C$5:$Q$5,0))),2)),IF(B$20='(H) OptionLists'!$E$8,IF(L21="","Populate Column L",L21),ROUND(INDEX('(F) Credit Price_nom'!$C$6:$Q$7,MATCH($B$20,'(F) Credit Price_nom'!$B$6:$B$7,0),MATCH(E21,'(F) Credit Price_nom'!$C$5:$Q$5,0))*IF($B$21="Nominal",1,INDEX('(G) Inflation'!$C$12:$N$16,MATCH($B$22,'(G) Inflation'!$B$12:$B$16,0),MATCH($C$21,'(F) Credit Price_nom'!$C$5:$Q$5,0))/INDEX('(G) Inflation'!$C$12:$N$16,MATCH($B$22,'(G) Inflation'!$B$12:$B$16,0),MATCH($E$7,'(F) Credit Price_nom'!$C$5:$Q$5,0))),2))),IF(AND($B$19="single year",$C$19=""),"Populate Cell C19",IF(AND($B$21="Real (input dollar year in Column C)",$C$21=""),"Populate Cell C21","Check Cells C18:C21")))) -> 86.64 | J21: =IF(LEFT(H21,3)="Pop",H21,IF(LEFT(I21,3)="Pop",I21,H21*I21)) -> 2599.2
A22: Inflation index3,G | B22: Personal Consumption Expenditures | I22: Total | J22: =IF(LEFT(J21,3)="Pop",J21,SUM(J7:J21)) -> 35888.88
A24: 1 Adjust capacity per charger as needed via the manual option in cells B14 and C14 to account for expected differences between nameplate and operational capacity.
A25: 2 gCO2e/MJ = Grams of carbon dioxide equivalent lifecycle (well-to-wheel) greenhouse gas emissions per megajoule of useful energy consumed in a motor vehicle.
A26: 3 "Core" inflation indexes exclude the cost of food and energy.
A27: 4 MT CO2e = Metric ton of carbon dioxide equivalent
A28: 5 Rounded to the nearest MT CO2e.

Sheet (A) Capacity and Use
B1: Capacity and use sheet - For information and viewing only
B2: Shows Calculator sheet options for charger capacity and hours of daily use, with source references.
B4: Capacity, Level-2 (kilowatts) | C4: Capacity, DCFC (kilowatts) | D4: Daily use, Level-2 (Hours per day) | E4: Daily use, DCFC (Hours per day)
B5: 7.2 | C5: 75 | D5: 1.2 | E5: 0.3
B6: 13.2 | C6: 150 | D6: 2.4 | E6: 0.6
B7: 19.2 | C7: 300 | D7: 4.8 | E7: 1.2
B8: Manual | C8: Manual | D8: Manual | E8: Manual
B10: Estimates from Pritchard, Ewen, Brennan Borlaug, Fan Yan, and Jeff Gonder. "Evaluating Electric Vehicle Public Charging Utilization in the United States using the EV WATTS dataset."
B11: National Lab of the Rockies. October 2023. NREL/CP-5400-85902. https://docs.nlr.gov/docs/fy24osti/85902.pdf.
B13: Low and high capacity estimates from text on page 4. Midpoint chosen for average.
B14: "These include 100,765 level 2 (L2) ports, which use 240/208Volt alternating current (AC) electricity and deliver 7.2 to 19.2 kilowatts (kW) of power (around 25-75 miles of range added per hour)…"
B15: https://docs.nlr.gov/docs/fy24osti/85902.pdf#page=4
B17: Average use estimates from time series graphs on page 8. Low use equal to half of the average, high use equal to double the average.
B18: https://docs.nlr.gov/docs/fy24osti/85902.pdf#page=8

Sheet (B) CI Standard
B1: CI Standard sheet - For information and viewing only
B2: Shows the carbon intensity (CI) standard by year used for Calculator sheet credit calculations.
B4: Year | C4: Gasoline | D4: Diesel
B5: 2026 | C5: 93.89 | D5: 93.81
B6: 2027 | C6: 92.45 | D6: 92.38
B7: 2028 | C7: 89.87 | D7: 89.8
B8: 2029 | C8: 85.09 | D8: 85.02
B9: 2030 | C9: 76.49 | D9: 76.42
B10: 2031 | C10: 75.53 | D10: 75.47
B11: 2032 | C11: 74.58 | D11: 74.51
B12: 2033 | C12: 73.62 | D12: 73.56
B13: 2034 | C13: 72.66 | D13: 72.6
B14: 2035 | C14: 71.71 | D14: 71.65
B15: 2036 | C15: 70.75 | D15: 70.69
B16: 2037 | C16: 69.8 | D16: 69.74
... B18: 2039 | C18: 67.88 | D18: 67.83
B19: 2040 and subsequent years | C19: 66.93 | D19: 66.87

Sheet (C) StatewideGridAvg
A1: Statewide Grid Average sheet - For information and viewing only
A2: Shows the values calculations of the average statewide well-to-wheel carbon intensity for grid electricity when "Statewide average" selected in cell B16.
A4: EIA Utility Name | B4: EV Original Registrations | C4: EVs on the Road | D4: WTW CI (gCO2e/MJ) | E4: EDU Name | F4: WTW CI (gCO2e/MJ)
A5: Central New Mexico El Coop, Inc | B5: 65 | C5: 65 | D5: =F21 -> 113.6 | E5: PNM Resources | F5: 51.7
A6: Central Valley Elec Coop, Inc | B6: 1 | C6: 1 | D6: =F22 -> 112.2 | E6: El Paso Electric | F6: 80.2
A7: City of Farmington - (NM) | B7: 341 | C7: 300 | D7: =F25 -> 106.8 | E7: City of Truth or Consequences Electric Division | F7: 106.8
A8: Continental Divide El Coop Inc | B8: 280 | C8: 256 | D8: =F23 -> 113.6 | E8: City of Aztec | F8: 106.8
A9: El Paso Electric Co | B9: 3286 | C9: 2747 | D9: =F6 -> 80.2 | E9: City of Farmington | F9: 106.8
A10: Farmers Electric Coop, Inc - (NM) | B10: 11 | C10: 13 | D10: =F24 -> 112.2 | E10: City of Gallup | F10: 106.8
A11: Jemez Mountains Elec Coop, Inc | B11: 1029 | C11: 985 | D11: =F26 -> 113.6 | E11: City of Raton | F11: 106.8
A12: Kit Carson Electric Coop, Inc | B12: 498 | C12: 475 | D12: =F27 -> 106.8 | E12: City of Springer | F12: 106.8
A13: Lea County Electric Coop, Inc - (NM) | D13: =F28 -> 112.2 | E13: Kit Carson Electric Cooperative | F13: 106.8
A14: Los Alamos County | B14: 215 | C14: 187 | D14: =F29 -> 117.5 | E14: Rio Grande Electric Cooperative | F14: 106.8
A15: Navajo Tribal Utility Authority1 | B15: 55 | C15: 56 | D15: N/A | E15: Duncan Valley Electric Cooperative | F15: 106.8
A16: Navopache Electric Coop, Inc | B16: 10 | C16: 10 | D16: =F20 -> 181.6 | E16: Los Alamos Dept. of Public Utilities (LADPU) | F16: 117.5
A17: Otero County Electric Coop Inc | B17: 54 | C17: 52 | D17: =F30 -> 113.6 | E17: Xcel Energy | F17: 114.3
A18: Out of State or Unknown2 | B18: 18 | C18: 6 | D18: N/A | E18: Tri-State G&T (and member coops) | F18: 113.6
A19: Public Service Co of NM | B19: 24056 | C19: 21186 | D19: =F31 -> 51.7 | E19: Western Farmers Electric Coop (and member coops) | F19: 112.2
A20: Rio Grande Electric Coop, Inc | D20: =F14 -> 106.8 | E20: Navopache Electric Cooperative | F20: 181.6
A21: Roosevelt County Elec Coop Inc | B21: 3 | C21: 2 | D21: =F34 -> 112.2 | E21: Central New Mexico El Coop, Inc | F21: 113.6
A22: Southwestern Electric Coop Inc - (NM) | B22: 37 | C22: 31 | D22: =F32 -> 113.6 | E22: Central Valley Elec Coop, Inc | F22: 112.2
A23: Southwestern Public Service Co | B23: 1171 | C23: 967 | D23: =F17 -> 114.3 | E23: Continental Divide El Coop Inc | F23: 113.6
A24: Springer Electric Coop, Inc | B24: 22 | C24: 22 | D24: =F33 -> 113.6 | E24: Farmers Electric Coop, Inc - (NM) | F24: 112.2
A25: Total | B25: 31152 | C25: 27356 | D25: {=ROUND(SUMPRODUCT(IF(D5:D24="N/A",0,D5:D24),C5:C24)/SUM(IF(D5:D24="N/A",0,C5:C24)),2)} -> 62.08 | E25: City of Farmington - (NM) | F25: 106.8
E26: Jemez Mountains Elec Coop, Inc | F26: 113.6
A27: Source for EVs: Kumar, Higmanshu. “EValuateNM: Vehicle Deep Dive, Utility View.” Atlas Public Policy (blog). Snapshot on July 1, 2026. https://atlaspolicy.com/evaluatenm/. Queried July 17, 2026. | E27: Kit Carson Electric Coop, Inc | F27: 106.8
A28: 1No well-to-wheel carbon intensity calculated for the Navajo Tribal Utility Authority because it is outside the jurisdiction of the CTFP. | E28: Lea County Electric Coop, Inc - (NM) | F28: 112.2
A29: 2No well-to-wheel carbon intensity calculated for "Out of state or unknown" due to lack of specificity. | E29: Los Alamos County | F29: 117.5
E30: Otero County Electric Coop Inc | F30: 113.6
E31: Public Service Co of NM | F31: 51.7
E32: Southwestern Electric Coop Inc - (NM) | F32: 113.6
E33: Springer Electric Coop, Inc | F33: 113.6
E34: Roosevelt County Elec Coop Inc | F34: 112.2

Sheet (D) EDU CI Values
B1: EDU CI Values sheet - For information and viewing only
B2: Shows published well-to-wheel (WTW) carbon intensity (CI) values for New Mexico electricity distribution utilities (EDUs), calculated by NMED. Select the applicable EDU option in Cell B16 of the Calculator sheet to use these values.
B4: EDU Name | C4: EDU Type | D4: CI Data Source | E4: WTW CI (gCO2e/MJ)
B5: PNM Resources | C5: Investor-Owned Utility | D5: Self-reported + AZNM eGRID | E5: 51.7
B6: El Paso Electric | C6: Investor-Owned Utility | D6: Self-reported + AZNM eGRID | E6: 80.2
B7: City of Truth or Consequences Electric Division | C7: Municipal | D7: AZNM eGRID | E7: 106.8
B8: City of Aztec | C8: Municipal | D8: AZNM eGRID | E8: 106.8
B9: City of Farmington | C9: Municipal | D9: AZNM eGRID | E9: 106.8
B10: City of Gallup | C10: Municipal | D10: AZNM eGRID | E10: 106.8
B11: City of Raton | C11: Municipal | D11: AZNM eGRID | E11: 106.8
B12: City of Springer | C12: Municipal | D12: AZNM eGRID | E12: 106.8
B13: Kit Carson Electric Cooperative | C13: Electric Cooperative | D13: AZNM eGRID | E13: 106.8
B14: Rio Grande Electric Cooperative | C14: Electric Cooperative | D14: AZNM eGRID | E14: 106.8
B15: Duncan Valley Electric Cooperative | C15: Electric Cooperative | D15: AZNM eGRID | E15: 106.8
B16: Los Alamos Dept. of Public Utilities (LADPU) | C16: Municipal | D16: Self-reported + AZNM eGRID | E16: 117.5
... B20: Navopache Electric Cooperative | C20: Electric Cooperative | D20: Tucson Electric Power | E20: 181.6
B22: Source: NM CTFP Electricity Distribution Utility Carbon Intensity Calculations, NMED, June 2026. Values are 2025 WTW CI in gCO2e/MJ. Member coops of Tri-State G&T and Western Farmers use the respective wholesale supplier CI.

Sheet (E) StatewideChange
B1: StatewideChange sheet - For information and viewing only
B2: Shows the carbon intensity of electricity dispensed from EV chargers when Statewide changeaverage selected in cell B17 of Calculator sheet.
B4: Year | C4: CI
B5: 2026 | C5: 62.32
B6: 2027 | C6: 61.25
B7: 2028 | C7: 60.47
B8: 2029 | C8: 58.89
B9: 2030 | C9: 48.88
B10: 2031 | C10: 34.54
B11: 2032 | C11: 24.38
B12: 2033 | C12: 22.7
B13: 2034 | C13: 22.38
B14: 2035 | C14: 19.85
B15: 2036 | C15: 18.51
B16: 2037 | C16: 16.76
... B18: 2039 | C18: 17.18
B19: 2040 and subsequent years | C19: 14.44
B21: For Rebuttal Sensitivity Analysis: Berkeley Research Group, LLC. “Fuel and Credit Market Model: ZEV Policy Rollback Scenario” NMED Exhibit 136.
B22: EIB 25-23: In the Matter of Proposed Adoption of 20.2.92 NMAC – Clean Transportation Fuel Program. November 7, 2025.
B23: https://www.env.nm.gov/opf/wp-content/uploads/sites/13/2025/11/NMED-R135-137.pdf#page=32
B25: Matches projections from Benefit-Cost Analysis: Berkeley Research Group, LLC. “Fuel and Credit Market Model.” NMED Exhibit 79.
B26: EIB 25-23: In the Matter of Proposed Adoption of 20.2.92 NMAC – Clean Transportation Fuel Program. September 2, 2025.
B27: https://cloud.env.nm.gov/resources/_translator.php/NzA3NTEwYzYzY2I0NzNhN2JmNDc3NGQ1NV8yMDMxMTU~.pdf#page=379

Sheet (F) Credit Price_nom
B1: Credit Price_nom sheet - For information and viewing only
B2: Credit prices from the Benefit-Cost Analysis and Rebuttal Sensitivity Analysis in nominal $US, used if either option selected in cell B14 of Calculator sheet
B5: Credit Price (nominal) | C5: 2026 | D5: =C5+1 -> 2027 | E5: =D5+1 -> 2028 | F5: =E5+1 -> 2029 | G5: =F5+1 -> 2030 | H5: =G5+1 -> 2031 | I5: =H5+1 -> 2032 | J5: =I5+1 -> 2033 | K5: =J5+1 -> 2034 | ... M5: =L5+1 -> 2036 | N5: 2037 | O5: 2038 | P5: 2039 | Q5: 2040 and subsequent years
B6: Benefit-Cost Analysis | C6: 113.47 | D6: 98.43 | E6: 95.17 | F6: 83.96 | G6: 73.49 | H6: 64.42 | I6: 51.63 | J6: 42.06 | K6: 42.15 | L6: 42.39 | M6: 0 | N6: 0 | O6: 0 | P6: 0 | Q6: 0
B7: Rebuttal Sensitivity Analysis | C7: 91.27 | D7: 69.12 | E7: 65.31 | F7: 47.92 | G7: 122.85 | H7: 106.1 | I7: 89.08 | J7: 73.54 | K7: 75.24 | L7: 77.25 | M7: 78.93 | N7: 80.9 | O7: 82.85 | P7: 84.72 | Q7: 86.64
B9: For Benefit-Cost Analysis (BCA): Berkeley Research Group, LLC. “Fuel and Credit Market Model.” NMED Exhibit 79. EIB 25-23: In the Matter of Proposed Adoption of 20.2.92 NMAC – Clean Transportation
B10: Fuel Program. September 2, 2025. https://cloud.env.nm.gov/resources/_translator.php/NzA3NTEwYzYzY2I0NzNhN2JmNDc3NGQ1NV8yMDMxMTU~.pdf#page=461
B12: For Rebuttal Sensitivity Analysis (RSA): Berkeley Research Group, LLC. “Fuel and Credit Market Model: ZEV Policy Rollback Scenario” NMED Exhibit 136. EIB 25-23: In the Matter of Proposed Adoption of
B13: 20.2.92 NMAC – Clean Transportation Fuel Program. November 7, 2025. https://www.env.nm.gov/opf/wp-content/uploads/sites/13/2025/11/NMED-R135-137.pdf#page=111
B15: Note: Both the Benefits-Cost Analysis (BCA) and the Rebuttal Sensitivity Analysis (RSA) use the Fuel Credit Markets Model (FCMM). The FCMM projects all prices in real $US 2024.
B16: The FCMM then calculates nominal credit prices by converting the real $US 2024 prices using the Federal Reserve Bank of Philadelphia. "Fourth Quarter 2024 Survey of Professional Forecasters."
B17: https://www.philadelphiafed.org/surveys-and-data/real-time-data-research/spf-q4-2024
B19: Year | C19: BCA 2024 | D19: RSA 2024 | E19: BCA nom | F19: RSA nom
B20: 2026 | C20: 111.93 | D20: 87.558207 | E20: 119.59241 | F20: 91.274265
B21: =B20+1 -> 2027 | C21: 96.92 | D21: 64.946657 | E21: 105.729 | F21: 69.124822
B22: =B21+1 -> 2028 | C22: 93.7 | D22: 60.104488 | E22: 104.36907 | F22: 65.31454
B23: =B22+1 -> 2029 | C23: 82.47 | D23: 43.187236 | E23: 93.789721 | F23: 47.916393
B24: =B23+1 -> 2030 | C24: 71.99 | D24: 108.44477 | E24: 83.585853 | F24: 122.84658
B25: =B24+1 -> 2031 | C25: 60.9 | D25: 91.734694 | E25: 72.191075 | F25: 106.09962
B26: =B25+1 -> 2032 | C26: 50.08 | D26: 75.434713 | E26: 60.610361 | F26: 89.079378
B27: =B26+1 -> 2033 | C27: 40.49 | D27: 60.994744 | E27: 50.03729 | F27: 73.540078
B28: =B27+1 -> 2034 | C28: 40.57 | D28: 61.119235 | E28: 51.192345 | F28: 75.237668
B29: =B28+1 -> 2035 | C29: 40.8 | D29: 61.460406 | E29: 52.559144 | F29: 77.246461
B30: =B29+1 -> 2036 | C30: 0 | D30: 61.510511 | E30: 0 | F30: 78.932933
B31: 2037 | C31: 0 | D31: 61.746143 | E31: 0 | F31: 80.899248
B32: 2038 | C32: 0 | D32: 61.932817 | E32: 0 | F32: 82.847847
B33: 2039 | C33: 0 | D33: 62.028772 | E33: 0 | F33: 84.718706
B34: 2040 and subsequent years | C34: 0 | D34: 62.12989 | E34: 0 | F34: 86.638805

Sheet (G) Inflation
B1: Inflation sheet - For information and viewing only
B2: Inflation factors used to adjust prices from $US nominal to $US real based upon the factor selected in cell B16 of the Calculator sheet (none if "nominal" selected)
B4: Yearly inflation rates | C4: 2025 | D4: 2026 | E4: 2027 | F4: 2028 | G4: 2029 | H4: 2030 | I4: 2031 | J4: =I4+1 -> 2032 | K4: =J4+1 -> 2033 | L4: =K4+1 -> 2034 | M4: =L4+1 -> 2035 | N4: =M4+1 -> 2036 | O4: 2037–2040
B5: Personal Consumption Expenditures | C5: 2.6 | D5: 2.7 | E5: 2.4 | F5: 2.2 | G5: 2.1 | H5: =$O5 -> 2 | I5: =$O5 -> 2 | J5: =$O5 -> 2 | K5: =$O5 -> 2 | L5: =$O5 -> 2 | M5: =$O5 -> 2 | N5: =$O5 -> 2 | O5: 2
B6: Personal Consumption Expenditures (core) | C6: 2.8 | D6: 2.9 | E6: 2.4 | F6: 2.2 | G6: 2.1 | H6: =$O6 -> 2 | I6: =$O6 -> 2 | J6: =$O6 -> 2 | K6: =$O6 -> 2 | L6: =$O6 -> 2 | M6: =$O6 -> 2 | N6: =$O6 -> 2 | O6: 2
B7: Consumer Price Index | C7: 2.8 | D7: 2.9 | E7: 2.5 | F7: 2.4 | G7: 2.3 | H7: =$O7 -> 2.3 | I7: =$O7 -> 2.3 | J7: =$O7 -> 2.3 | K7: =$O7 -> 2.3 | L7: =$O7 -> 2.3 | M7: =$O7 -> 2.3 | N7: =$O7 -> 2.3 | O7: 2.3
B8: Consumer Price Index (core) | C8: 3 | D8: 3.1 | E8: 2.6 | F8: 2.4 | G8: 2.3 | H8: =$O8 -> 2.3 | I8: =$O8 -> 2.3 | J8: =$O8 -> 2.3 | K8: =$O8 -> 2.3 | L8: =$O8 -> 2.3 | M8: =$O8 -> 2.3 | N8: =$O8 -> 2.3 | O8: 2.3
B9: Gross Domestic Product | C9: 2.7 | D9: 2.7 | E9: 2.4 | F9: 2.2 | G9: 2.1 | H9: =$O9 -> 2 | I9: =$O9 -> 2 | J9: =$O9 -> 2 | K9: =$O9 -> 2 | L9: =$O9 -> 2 | M9: =$O9 -> 2 | N9: =$O9 -> 2 | O9: 2
B11: Annual inflation factors (2024 = 1.000) | C11: 2025 | D11: 2026 | E11: 2027 | F11: 2028 | G11: 2029 | H11: 2030 | I11: 2031 | J11: =I11+1 -> 2032 | K11: =J11+1 -> 2033 | L11: =K11+1 -> 2034 | M11: =L11+1 -> 2035 | N11: =M11+1 -> 2036 | O11: =N11+1 -> 2037 | P11: =O11+1 -> 2038 | Q11: =P11+1 -> 2039 | R11: 2040 and subsequent years
B12: Personal Consumption Expenditures | C12: =1+C5/100 -> 1.026 | D12: =(1+D5/100)*C12 -> 1.053702 | E12: =(1+E5/100)*D12 -> 1.0789908 | F12: =(1+F5/100)*E12 -> 1.1027286 | G12: =(1+G5/100)*F12 -> 1.1258859 | H12: =(1+H5/100)*G12 -> 1.1484037 | I12: =(1+I5/100)*H12 -> 1.1713717 | J12: =(1+J5/100)*I12 -> 1.1947992 | K12: =(1+K5/100)*J12 -> 1.2186952 | ... N12: =(1+N5/100)*M12 -> 1.2932891 | O12: =(1+$O5/100)*N12 -> 1.3191548 | P12: =(1+$O5/100)*O12 -> 1.3455379 | Q12: =(1+$O5/100)*P12 -> 1.3724487 | R12: =(1+$O5/100)*Q12 -> 1.3998977
B13: Personal Consumption Expenditures (core) | C13: =1+C6/100 -> 1.028 | D13: =(1+D6/100)*C13 -> 1.057812 | E13: =(1+E6/100)*D13 -> 1.0831995 | F13: =(1+F6/100)*E13 -> 1.1070299 | G13: =(1+G6/100)*F13 -> 1.1302775 | H13: =(1+H6/100)*G13 -> 1.1528831 | I13: =(1+I6/100)*H13 -> 1.1759407 | J13: =(1+J6/100)*I13 -> 1.1994595 | K13: =(1+K6/100)*J13 -> 1.2234487 | ... N13: =(1+N6/100)*M13 -> 1.2983336 | O13: =(1+$O6/100)*N13 -> 1.3243002 | P13: =(1+$O6/100)*O13 -> 1.3507862 | Q13: =(1+$O6/100)*P13 -> 1.377802 | R13: =(1+$O6/100)*Q13 -> 1.405358
B14: Consumer Price Index | C14: =1+C7/100 -> 1.028 | D14: =(1+D7/100)*C14 -> 1.057812 | E14: =(1+E7/100)*D14 -> 1.0842573 | F14: =(1+F7/100)*E14 -> 1.1102795 | G14: =(1+G7/100)*F14 -> 1.1358159 | H14: =(1+H7/100)*G14 -> 1.1619397 | I14: =(1+I7/100)*H14 -> 1.1886643 | J14: =(1+J7/100)*I14 -> 1.2160036 | K14: =(1+K7/100)*J14 -> 1.2439716 | ... N14: =(1+N7/100)*M14 -> 1.331795 | O14: =(1+$O7/100)*N14 -> 1.3624263 | P14: =(1+$O7/100)*O14 -> 1.3937621 | Q14: =(1+$O7/100)*P14 -> 1.4258186 | R14: =(1+$O7/100)*Q14 -> 1.4586124
B15: Consumer Price Index (core) | C15: =1+C8/100 -> 1.03 | D15: =(1+D8/100)*C15 -> 1.06193 | E15: =(1+E8/100)*D15 -> 1.0895402 | F15: =(1+F8/100)*E15 -> 1.1156891 | G15: =(1+G8/100)*F15 -> 1.14135 | H15: =(1+H8/100)*G15 -> 1.167601 | I15: =(1+I8/100)*H15 -> 1.1944559 | J15: =(1+J8/100)*I15 -> 1.2219284 | K15: =(1+K8/100)*J15 -> 1.2500327 | ... N15: =(1+N8/100)*M15 -> 1.338284 | O15: =(1+$O8/100)*N15 -> 1.3690645 | P15: =(1+$O8/100)*O15 -> 1.400553 | Q15: =(1+$O8/100)*P15 -> 1.4327657 | R15: =(1+$O8/100)*Q15 -> 1.4657193
B16: Gross Domestic Product | C16: =1+C9/100 -> 1.027 | D16: =(1+D9/100)*C16 -> 1.054729 | E16: =(1+E9/100)*D16 -> 1.0800425 | F16: =(1+F9/100)*E16 -> 1.1038034 | G16: =(1+G9/100)*F16 -> 1.1269833 | H16: =(1+H9/100)*G16 -> 1.149523 | I16: =(1+I9/100)*H16 -> 1.1725134 | J16: =(1+J9/100)*I16 -> 1.1959637 | K16: =(1+K9/100)*J16 -> 1.219883 | ... N16: =(1+N9/100)*M16 -> 1.2945496 | O16: =(1+$O9/100)*N16 -> 1.3204406 | P16: =(1+$O9/100)*O16 -> 1.3468494 | Q16: =(1+$O9/100)*P16 -> 1.3737864 | R16: =(1+$O9/100)*Q16 -> 1.4012621
B18: Congressional Budget Office. "The Budget and Economic Outlook: 2026 to 2036." February 2026.
B19: https://www.cbo.gov/system/files/2026-02/61882-Outlook-2026.pdf#page=163

Sheet (H) OptionLists
B1: Options sheet - For information and viewing only
B2: Lists the available options for Cells B16, B17, and B20 for single year and multi-year selections, respectively
B4: GridCISingle | C4: GridCIMulti | D4: PricesSingle | E4: PricesMulti | F4: EDU_Option | G4: EDU_CI (gCO2e/MJ)1 | H4: Annual CI change
B5: Statewide grid average | C5: Statewide grid average | D5: Benefit-Cost Analysis | E5: Benefit-Cost Analysis | F5: Statewide grid average | H5: Statewide change
B6: PNM Resources (51.7 gCO2e/MJ) | C6: PNM Resources (51.7 gCO2e/MJ) | D6: Rebuttal Sensitivity Analysis | E6: Rebuttal Sensitivity Analysis | F6: PNM Resources (51.7 gCO2e/MJ) | G6: 51.7 | H6: Zero-carbon by 2040
B7: El Paso Electric (80.2 gCO2e/MJ) | C7: El Paso Electric (80.2 gCO2e/MJ) | D7: Manual (Single price) | E7: Manual (Single price) | F7: El Paso Electric (80.2 gCO2e/MJ) | G7: 80.2 | H7: Manual percentage
B8: Xcel Energy (114.3 gCO2e/MJ) | C8: Xcel Energy (114.3 gCO2e/MJ) | E8: Manual (Different annual prices) | F8: Xcel Energy (114.3 gCO2e/MJ) | G8: 114.3 | H8: Flat
B9: Tri-State G&T member coops (113.6 gCO2e/MJ) | C9: Tri-State G&T member coops (113.6 gCO2e/MJ) | F9: Tri-State G&T member coops (113.6 gCO2e/MJ) | G9: 113.6 | H9: If a manual option is selected, populate the corresponding orange-shaded cells
B10: Western Farmers member coops (112.2 gCO2e/MJ) | C10: Western Farmers member coops (112.2 gCO2e/MJ) | F10: Western Farmers member coops (112.2 gCO2e/MJ) | G10: 112.2
B11: Los Alamos DPUE (117.5 gCO2e/MJ) | C11: Los Alamos DPUE (117.5 gCO2e/MJ) | F11: Los Alamos DPUE (117.5 gCO2e/MJ) | G11: 117.5
B12: Navopache Electric Coop (181.6 gCO2e/MJ) | C12: Navopache Electric Coop (181.6 gCO2e/MJ) | F12: Navopache Electric Coop (181.6 gCO2e/MJ) | G12: 181.6
B13: AZNM eGRID municipal utilities (106.8 gCO2e/MJ) | C13: AZNM eGRID municipal utilities (106.8 gCO2e/MJ) | F13: AZNM eGRID municipal utilities (106.8 gCO2e/MJ) | G13: 106.8
B14: Manual (single CI) | C14: Manual (Single CI) | F14: Manual (single CI)
C15: Manual (Different annual CIs) | F15: Manual (Different annual CIs)
B18: 1 gCO2e/MJ = Grams of carbon dioxide equivalent lifecycle (well-to-wheel) greenhouse gas emissions per megajoule of useful energy consumed in a motor vehicle
